Workbook

Sheet Cover Sheet
A7: KENTUCKY
E9: 2026 CAPITALIZATION RATE STUDY
A16: =+'S&D'!A12 -> Natural Gas Utility Distribution
A34: #VALUE!

Sheet Yield CapRate
A1: KENTUCKY DEPARTMENT OF REVENUE
A2: DIVISION OF STATE VALUATION, PUBLIC SERVICE BRANCH
A3: 2026 Tax Year
D10: YIELD CAPITALIZATION RATE CONCLUSION
D16: =+'S&D'!A12 -> Natural Gas Utility Distribution
B19: Source of | C19: Capital | D19: Cost of Capital | E19: Marginal | F19: Cost of Capital | G19: Weighted
B20: Capital | C20: Structure | D20: Rate | E20: Tax Rate | F20: After Tax | G20: Cost
B23: EQUITY | C23: ='S&D'!I58 -> 0.58 | D23: =+'Indicated Yield Equity Rates'!D51 -> 0.0907 | F23: =+D23 -> 0.0907 | G23: =+F23*C23 -> 0.052606
B25: DEBT | C25: ='S&D'!J58 -> 0.42 | D25: =+Debt!J33 -> 0.0584 | E25: 0.26 | F25: =+D25*(1-E25) -> 0.043216 | G25: =+C25*F25 -> 0.01815072
B27: WACC | C27: =+C23+C25 -> 1 | G27: =+G23+G25 -> 0.07075672
F29: Selected | G29: 0.0708

Sheet Direct CapRates
A1: KENTUCKY DEPARTMENT OF REVENUE
A2: DIVISION OF STATE VALUATION, PUBLIC SERVICE BRANCH
A3: 2026 Tax Year
D11: DIRECT CAPITALIZATION RATE CONCLUSION
D15: =+'S&D'!A12 -> Natural Gas Utility Distribution
D16: NOI After Tax (NOPAT)
B19: Source of | C19: Capital | D19: Capitalization | E19: Marginal | F19: Capitalization Rate | G19: Weighted
B20: Capital | C20: Structure | D20: Rate | E20: Tax Rate | F20: After Tax | G20: CAP RATE
B23: EQUITY | C23: ='S&D'!I58 -> 0.58 | D23: =+'Direct NOPAT'!J37 -> 0.0593 | F23: =+D23 -> 0.0593 | G23: =+F23*C23 -> 0.034394
B25: DEBT | C25: ='S&D'!J58 -> 0.42 | D25: =+Debt!J33 -> 0.0584 | E25: 0.26 | F25: =+D25*(1-E25) -> 0.043216 | G25: =+C25*F25 -> 0.01815072
B27: TOTAL | C27: =+C23+C25 -> 1 | G27: =+G23+G25 -> 0.05254472
F29: Selected | G29: 0.0525
F31: Multiplier | G31: =1/G29 -> 19.047619
A34: KENTUCKY DEPARTMENT OF REVENUE
A35: DIVISION OF STATE VALUATION, PUBLIC SERVICE BRANCH
A36: 2026 Tax Year
D44: DIRECT CAPITALIZATION RATE CONCLUSION
D48: =+D15 -> Natural Gas Utility Distribution
D49: GCF After Tax
B52: Source of | C52: Capital | D52: Capitalization | E52: Marginal | F52: Capitalization Rate | G52: Weighted
B53: Capital | C53: Structure | D53: Rate | E53: Tax Rate | F53: After Tax | G53: CAP RATE
B56: EQUITY | C56: ='S&D'!I58 -> 0.58 | D56: ='Direct GCF'!H36 -> 0.1167 | E56: - | F56: =+D56 -> 0.1167 | G56: =+F56*C56 -> 0.067686
B58: DEBT | C58: ='S&D'!J58 -> 0.42 | D58: =+Debt!J33 -> 0.0584 | E58: 0.26 | F58: =+D58*(1-E58) -> 0.043216 | G58: =+C58*F58 -> 0.01815072
B60: TOTAL | C60: =+C56+C58 -> 1 | G60: =+G56+G58 -> 0.08583672
F62: Selected | G62: 0.0858
F64: Multiplier | G64: =1/G62 -> 11.655012

Sheet S&D
A1: KENTUCKY DEPARTMENT OF REVENUE
A2: DIVISION OF STATE VALUATION, PUBLIC SERVICE BRANCH
A3: 2026 Tax Year
A12: Natural Gas Utility Distribution | F12: CAPITAL STRUCTURE
F13: YEAR END 12/31/2025
D16: 4th Qtr | E16: 4th Qtr | F16: 4th Qtr | G16: Year End | H16: Dec. 31, 2025 | I16: Dec. 31, 2025 | J16: Dec. 31, 2025
B17: Ticker | C17: Industry | D17: Stock Price | E17: Stock Price | F17: Average | G17: Dec. 31, 2025 | H17: Common Stock | I17: Preferred Stock | J17: Long Term Debt **
A18: Company | B18: Symbol | C18: Group | D18: High | E18: Low | F18: Stock Price | G18: Stock Price | H18: Shares Outstanding * | J18: & Finance Leases
H19: Shares Issued less Treasury | I19: Book Value | J19: Book Value
A20: VL | B20: VL | C20: VL | D20: VL | E20: VL | F20: Calculated | G20: VL | H20: 10K / SEC | I20: 10K / SEC | J20: 10K / SEC
A22: Atmos Energy Corp | B22: ATO | C22: Gas Utility | D22: 180.65 | E22: 165.37 | F22: =AVERAGE(D22,E22) -> 173.01 | G22: 167.63 | H22: 161568384 | J22: =8907169000+11775000 -> 8918944000
A23: Black Hills Corporation | B23: BKH | C23: Electric Utility - West | D23: 74.02 | E23: 59.91 | F23: =AVERAGE(D23,E23) -> 66.965 | G23: 69.42 | H23: =75520234-43167 -> 75477067 | J23: =4701100000 -> 4701100000
A24: CenterPoint Energy Inc. | B24: CNP | C24: Electric Utility - Central | D24: 40.49 | E24: 37.22 | F24: =AVERAGE(D24,E24) -> 38.855 | G24: 38.34 | H24: 652869575 | J24: =41000000+1873000000+20566000000 -> 22480000000
A25: CMS Energy Corporation | B25: CMS | C25: Electric Utility - Central | D25: 76.11 | E25: 68.82 | F25: =AVERAGE(D25,E25) -> 72.465 | G25: 69.93 | H25: 306400000 | I25: 224000000 | J25: =956000000+17807000000+135000000 -> 18898000000
A26: New Jersey Resources Corp | B26: NJR | C26: Gas Utility | D26: 49.32 | E26: 43.46 | F26: =AVERAGE(D26,E26) -> 46.39 | G26: 46.12 | H26: 100750110 | J26: =3274055000+161645000 -> 3435700000
A27: NISOURCE Inc. | B27: NI | C27: Gas Utility | D27: 44.88 | E27: 40.75 | F27: =AVERAGE(D27,E27) -> 42.815 | G27: 41.76 | H27: 478432058 | J27: =15457800000+19700000 -> 15477500000
A28: Northwest Natural Holding Company | B28: NWN | C28: Gas Utility | D28: 49.63 | E28: 43.64 | F28: =AVERAGE(D28,E28) -> 46.635 | G28: 46.74 | H28: 41563577 | J28: =160627000+2272202000 -> 2432829000
A29: One Gas INC | B29: OGS | C29: Gas Utility | D29: 83.96 | E29: 76.41 | F29: =AVERAGE(D29,E29) -> 80.185 | G29: 77.25 | H29: 62692392 | J29: =2356038000+249674000 -> 2605712000
A30: Southwest Gas Holdings, Inc | B30: SWX | C30: Gas Utility | D30: 83.23 | E30: 76.74 | F30: =AVERAGE(D30,E30) -> 79.985 | G30: 80.02 | H30: 72224593 | J30: =75000000+3433012000 -> 3508012000
A31: Spire Inc / Laclede Group Inc | B31: SR | C31: Gas Utility | D31: 91.11 | E31: 81.42 | F31: =AVERAGE(D31,E31) -> 86.265 | G31: 82.7 | H31: 59100000 | J31: =488100000+4449400000 -> 4937500000
A32: WEC Energy Group | B32: WEC | C32: Electric Utility - Central | D32: 118.19 | E32: 109.25 | F32: =AVERAGE(D32,E32) -> 113.72 | G32: 105.46 | H32: 325461519 | I32: 30400000 | J32: =1519400000+18498100000+372000000 -> 20389500000
D37: Dec. 31, 2025 | E37: Dec. 31, 2025 | F37: Dec. 31, 2025 | G37: Dec. 31, 2025 | H37: Dec. 31, 2025 | I37: Dec. 31, 2025 | J37: Dec. 31, 2025
B38: Ticker | C38: Industry | D38: Common Stock | E38: Preferred Stock *** | F38: Operating Leases **** | G38: Long Term Debt | H38: Total Market Value | I38: % Common Stock | J38: % LT Debt & Pref Stock
A39: Company | B39: Symbol | C39: Group | D39: FMV | E39: FMV | F39: FMV / PV | G39: FMV | H39: CS+LTD +PS +OL | J39: & Op Leases
A40: VL | B40: VL | C40: VL | D40: Calculated | E40: 10K / SEC | F40: 10K / SEC | G40: 10K / SEC | H40: Calculated | I40: Calculated | J40: Calculated
A42: =+A22 -> Atmos Energy Corp | B42: =+B22 -> ATO | C42: =+C22 -> Gas Utility | D42: =(+H22)*G22 -> 2.7083708e+10 | E42: =(1/1)*I22 -> 0 | F42: 45010000 | G42: =(77/78.8)*J22 -> 8.7152118e+09 | H42: =+D42+E42+F42+G42 -> 3.584393e+10 | I42: =(+D42)/H42 -> 0.75560097 | J42: =(+E42+F42+G42)/H42 -> 0.24439903
A43: =+A23 -> Black Hills Corporation | B43: =+B23 -> BKH | C43: =+C23 -> Electric Utility - West | D43: =(+H23)*G23 -> 5.239618e+09 | E43: =(194.8/200)*I23 -> 0 | G43: =(4701.1/4639)*J23 -> 4.7640313e+09 | H43: =+D43+E43+F43+G43 -> 1.0003649e+10 | I43: =(+D43)/H43 -> 0.52377066 | J43: =(+E43+F43+G43)/H43 -> 0.47622934
A44: =+A24 -> CenterPoint Energy Inc. | B44: =+B24 -> CNP | C44: =+C24 -> Electric Utility - Central | D44: =(+H24)*G24 -> 2.503102e+10 | E44: =(1/1)*I24 -> 0 | F44: 62000000 | G44: =(22980/22377)*J24 -> 2.3085776e+10 | H44: =+D44+E44+F44+G44 -> 4.8178795e+10 | I44: =(+D44)/H44 -> 0.51954432 | J44: =(+E44+F44+G44)/H44 -> 0.48045568
A45: =+A25 -> CMS Energy Corporation | B45: =+B25 -> CMS | C45: =+C25 -> Electric Utility - Central | D45: =(+H25)*G25 -> 2.1426552e+10 | E45: =(1/1)*I25 -> 224000000 | F45: =3000000+19000000 -> 22000000 | G45: =(18757/17645)*J25 -> 2.0088965e+10 | H45: =+D45+E45+F45+G45 -> 4.1761517e+10 | I45: =(+D45)/H45 -> 0.51306929 | J45: =(+E45+F45+G45)/H45 -> 0.48693071
A46: =+A26 -> New Jersey Resources Corp | B46: =+B26 -> NJR | C46: =+C26 -> Gas Utility | D46: =(+H26)*G26 -> 4.6465951e+09 | E46: =(1/1)*I26 -> 0 | F46: =4694000+162984000 -> 167678000 | G46: =(2613368/2917845)*J26 -> 3.0771849e+09 | H46: =+D46+E46+F46+G46 -> 7.8914579e+09 | I46: =(+D46)/H46 -> 0.58881326 | J46: =(+E46+F46+G46)/H46 -> 0.41118674
A47: =+A27 -> NISOURCE Inc. | B47: =+B27 -> NI | C47: =+C27 -> Gas Utility | D47: =(+H27)*G27 -> 1.9979323e+10 | E47: =(1/1)*I27 -> 0 | F47: =9700000+17200000 -> 26900000 | G47: =(14975.3/15477.5)*J27 -> 14975300000 | H47: =+D47+E47+F47+G47 -> 3.4981523e+10 | I47: =(+D47)/H47 -> 0.57113931 | J47: =(+E47+F47+G47)/H47 -> 0.42886069
A48: =+A28 -> Northwest Natural Holding Company | B48: =+B28 -> NWN | C48: =+C28 -> Gas Utility | D48: =(+H28)*G28 -> 1.9426816e+09 | E48: =(1/1)*I28 -> 0 | F48: =2515000+73097000 -> 75612000 | G48: =(1383.1/1534.9)*J28 -> 2.1922248e+09 | H48: =+D48+E48+F48+G48 -> 4.2105184e+09 | I48: =(+D48)/H48 -> 0.46138775 | J48: =(+E48+F48+G48)/H48 -> 0.53861225
A49: =+A29 -> One Gas INC | B49: =+B29 -> OGS | C49: =+C29 -> Gas Utility | D49: =(+H29)*G29 -> 4842987282 | E49: =(1/1)*I29 -> 0 | F49: 12500000 | G49: =(2500000000/(2356038000+249674000))*J29 -> 2500000000 | H49: =+D49+E49+F49+G49 -> 7355487282 | I49: =(+D49)/H49 -> 0.65841828 | J49: =(+E49+F49+G49)/H49 -> 0.34158172
A50: =+A30 -> Southwest Gas Holdings, Inc | B50: =+B30 -> SWX | C50: =+C30 -> Gas Utility | D50: =(+H30)*G30 -> 5.7794119e+09 | E50: =(1/1)*I30 -> 0 | F50: 0 | G50: =((76388+26058+7726+309090+297450+307620+409365+579540+130762+219350+228180+237120+205710+50000+50000+50000+50000)/3433012)*J30 -> 3.3050191e+09 | H50: =+D50+E50+F50+G50 -> 9.084431e+09 | I50: =(+D50)/H50 -> 0.63618865 | J50: =(+E50+F50+G50)/H50 -> 0.36381135
A51: =+A31 -> Spire Inc / Laclede Group Inc | B51: =+B31 -> SR | C51: =+C31 -> Gas Utility | D51: =(+H31)*G31 -> 4887570000 | E51: =(1/1)*I31 -> 0 | F51: 0 | G51: =(4822.3/4937.5)*J31 -> 4822300000 | H51: =+D51+E51+F51+G51 -> 9709870000 | I51: =(+D51)/H51 -> 0.50336101 | J51: =(+E51+F51+G51)/H51 -> 0.49663899
A52: =+A32 -> WEC Energy Group | B52: =+B32 -> WEC | C52: =+C32 -> Electric Utility - Central | D52: =(+H32)*G32 -> 3.4323172e+10 | E52: =(1/1)*I32 -> 30400000 | F52: =(3100000+73000000) -> 76100000 | G52: =(19609.1/20017.5)*J32 -> 1.997351e+10 | H52: =+D52+E52+F52+G52 -> 5.4403182e+10 | I52: =(+D52)/H52 -> 0.63090375 | J52: =(+E52+F52+G52)/H52 -> 0.36909625
H53: High | I53: =MAX(I42:I52) -> 0.75560097 | J53: =MAX(J42:J52) -> 0.53861225
H54: Low | I54: =MIN(I42:I52) -> 0.46138775 | J54: =MIN(J42:J52) -> 0.24439903
H55: Median | I55: =MEDIAN(I42:I52) -> 0.57113931 | J55: =MEDIAN(J42:J52) -> 0.42886069
H56: Mean | I56: =AVERAGE(I42:I52) -> 0.57838157 | J56: =AVERAGE(J42:J52) -> 0.42161843
H58: Selected > | I58: 0.58 | J58: 0.42
A62: Notes:
A63: The capital structure of this industry is a representative or typical capital structure of the group, not that of the present owner. The capital structure selected reflects the most likely arrangement of a prospective buyer.
A64: * Outstanding stock shares are generally already net of Treasury stock shares
A65: ** Debt includes LT Debt , Current portion of LT Debt, and Finance leases from 10K
A66: *** Market value of preferred stock assumed to equal book value
A67: *** Market value of operating leases for all companies including the airlines and railroads
A70: Companies excluded from the study >
A71: Delta Natural Gas Company - No longer publicly traded. Peoples Natural Gas acquired Delta.
A72: Gas Natural, Inc. - Not publicly traded. Recently acquired (June 2017) by Black Rock Assets Global Energy & Power.
A73: MGE Energy (MGEE) - Removed due to a lack of a ValueLine review sheet
A74: UGI Corporation - Gas distribution utility operations too small (27%). Propane distribution 35% Amerigas.
A75: WGL Holdings - Currently merged with AtlaGas Ltd.
... A85: Chesapeake Utilities - Regulated business 67%. Electricity in Florida. Regulated gas in Delaware, Maryland & Florida. 43% of their business income is associated with unregulated propane distribution.

Sheet Market to Book Ratios
A1: KENTUCKY DEPARTMENT OF REVENUE
A2: DIVISION OF STATE VALUATION, PUBLIC SERVICE BRANCH
A3: 2026 Tax Year
A9: =+'S&D'!A12 -> Natural Gas Utility Distribution | E9: Market to Book Ratios - Obsolescence Measurement
E10: YEAR END 12/31/2025
B17: Ticker | C17: Industry | D17: Market Value | E17: Book Value | F17: Market to
B18: Symbol | C18: Group | D18: Common Total Equity | E18: Common Total Equity | F18: Book Ratio
A19: Company
A20: VL | B20: VL | C20: VL | D20: VL | E20: 10K
A22: =+'S&D'!A22 -> Atmos Energy Corp | B22: =+'S&D'!B22 -> ATO | C22: =+'S&D'!C22 -> Gas Utility | D22: =+'S&D'!D42 -> 2.7083708e+10 | E22: 14282892000 | F22: =+D22/E22 -> 1.8962342
A23: =+'S&D'!A23 -> Black Hills Corporation | B23: =+'S&D'!B23 -> BKH | C23: =+'S&D'!C23 -> Electric Utility - West | D23: =+'S&D'!D43 -> 5.239618e+09 | E23: 3823000000 | F23: =+D23/E23 -> 1.3705514
A24: =+'S&D'!A24 -> CenterPoint Energy Inc. | B24: =+'S&D'!B24 -> CNP | C24: =+'S&D'!C24 -> Electric Utility - Central | D24: =+'S&D'!D44 -> 2.503102e+10 | E24: 11153000000 | F24: =+D24/E24 -> 2.2443306
A25: =+'S&D'!A25 -> CMS Energy Corporation | B25: =+'S&D'!B25 -> CMS | C25: =+'S&D'!C25 -> Electric Utility - Central | D25: =+'S&D'!D45 -> 2.1426552e+10 | E25: 9144000000 | F25: =+D25/E25 -> 2.3432362
A26: =+'S&D'!A26 -> New Jersey Resources Corp | B26: =+'S&D'!B26 -> NJR | C26: =+'S&D'!C26 -> Gas Utility | D26: =+'S&D'!D46 -> 4.6465951e+09 | E26: 2472335000 | F26: =+D26/E26 -> 1.8794359
A27: =+'S&D'!A27 -> NISOURCE Inc. | B27: =+'S&D'!B27 -> NI | C27: =+'S&D'!C27 -> Gas Utility | D27: =+'S&D'!D47 -> 1.9979323e+10 | E27: 9450100000 | F27: =+D27/E27 -> 2.1141917
A28: =+'S&D'!A28 -> Northwest Natural Holding Company | B28: =+'S&D'!B28 -> NWN | C28: =+'S&D'!C28 -> Gas Utility | D28: =+'S&D'!D48 -> 1.9426816e+09 | E28: 1475076000 | F28: =+D28/E28 -> 1.3170044
A29: =+'S&D'!A29 -> One Gas INC | B29: =+'S&D'!B29 -> OGS | C29: =+'S&D'!C29 -> Gas Utility | D29: =+'S&D'!D49 -> 4842987282 | E29: 3440123000 | F29: =+D29/E29 -> 1.4077948
A30: =+'S&D'!A30 -> Southwest Gas Holdings, Inc | B30: =+'S&D'!B30 -> SWX | C30: =+'S&D'!C30 -> Gas Utility | D30: =+'S&D'!D50 -> 5.7794119e+09 | E30: 3961119000 | F30: =+D30/E30 -> 1.4590352
A31: =+'S&D'!A31 -> Spire Inc / Laclede Group Inc | B31: =+'S&D'!B31 -> SR | C31: =+'S&D'!C31 -> Gas Utility | D31: =+'S&D'!D51 -> 4887570000 | E31: 3432700000 | F31: =+D31/E31 -> 1.4238267
A32: =+'S&D'!A32 -> WEC Energy Group | B32: =+'S&D'!B32 -> WEC | C32: =+'S&D'!C32 -> Electric Utility - Central | D32: =+'S&D'!D52 -> 3.4323172e+10 | E32: 13613600000 | F32: =+D32/E32 -> 2.5212414
E33: AVERAGE | F33: =AVERAGE(F22:F32) -> 1.8160802
B39: Ticker | C39: Industry | D39: Market Value | E39: Book Value | F39: Market to
B40: Symbol | C40: Group | D40: Long Term Debt | E40: Long Term Debt | F40: Book Ratio
A41: Company
A42: VL | B42: VL | C42: VL | D42: 10K | E42: 10K
A44: =+'S&D'!A22 -> Atmos Energy Corp | B44: =+'S&D'!B22 -> ATO | C44: =+'S&D'!C22 -> Gas Utility | D44: =+'S&D'!G42 -> 8.7152118e+09 | E44: =+'S&D'!J22 -> 8918944000 | F44: =+D44/E44 -> 0.97715736
A45: =+'S&D'!A23 -> Black Hills Corporation | B45: =+'S&D'!B23 -> BKH | C45: =+'S&D'!C23 -> Electric Utility - West | D45: =+'S&D'!G43 -> 4.7640313e+09 | E45: =+'S&D'!J23 -> 4701100000 | F45: =+D45/E45 -> 1.0133865
A46: =+'S&D'!A24 -> CenterPoint Energy Inc. | B46: =+'S&D'!B24 -> CNP | C46: =+'S&D'!C24 -> Electric Utility - Central | D46: =+'S&D'!G44 -> 2.3085776e+10 | E46: =+'S&D'!J24 -> 22480000000 | F46: =+D46/E46 -> 1.0269473
A47: =+'S&D'!A25 -> CMS Energy Corporation | B47: =+'S&D'!B25 -> CMS | C47: =+'S&D'!C25 -> Electric Utility - Central | D47: =+'S&D'!G45 -> 2.0088965e+10 | E47: =+'S&D'!J25 -> 18898000000 | F47: =+D47/E47 -> 1.0630207
A48: =+'S&D'!A26 -> New Jersey Resources Corp | B48: =+'S&D'!B26 -> NJR | C48: =+'S&D'!C26 -> Gas Utility | D48: =+'S&D'!G46 -> 3.0771849e+09 | E48: =+'S&D'!J26 -> 3435700000 | F48: =+D48/E48 -> 0.89565004
A49: =+'S&D'!A27 -> NISOURCE Inc. | B49: =+'S&D'!B27 -> NI | C49: =+'S&D'!C27 -> Gas Utility | D49: =+'S&D'!G47 -> 14975300000 | E49: =+'S&D'!J27 -> 15477500000 | F49: =+D49/E49 -> 0.9675529
A50: =+'S&D'!A28 -> Northwest Natural Holding Company | B50: =+'S&D'!B28 -> NWN | C50: =+'S&D'!C28 -> Gas Utility | D50: =+'S&D'!G48 -> 2.1922248e+09 | E50: =+'S&D'!J28 -> 2432829000 | F50: =+D50/E50 -> 0.90110105
A51: =+'S&D'!A29 -> One Gas INC | B51: =+'S&D'!B29 -> OGS | C51: =+'S&D'!C29 -> Gas Utility | D51: =+'S&D'!G49 -> 2500000000 | E51: =+'S&D'!J29 -> 2605712000 | F51: =+D51/E51 -> 0.95943067
A52: =+'S&D'!A30 -> Southwest Gas Holdings, Inc | B52: =+'S&D'!B30 -> SWX | C52: =+'S&D'!C30 -> Gas Utility | D52: =+'S&D'!G50 -> 3.3050191e+09 | E52: =+'S&D'!J30 -> 3508012000 | F52: =+D52/E52 -> 0.94213449
A53: =+'S&D'!A31 -> Spire Inc / Laclede Group Inc | B53: =+'S&D'!B31 -> SR | C53: =+'S&D'!C31 -> Gas Utility | D53: =+'S&D'!G51 -> 4822300000 | E53: =+'S&D'!J31 -> 4937500000 | F53: =+D53/E53 -> 0.97666835
A54: =+'S&D'!A32 -> WEC Energy Group | B54: =+'S&D'!B32 -> WEC | C54: =+'S&D'!C32 -> Electric Utility - Central | D54: =+'S&D'!G52 -> 1.997351e+10 | E54: =+'S&D'!J32 -> 20389500000 | F54: =+D54/E54 -> 0.97959785
E55: AVERAGE | F55: =AVERAGE(F44:F54) -> 0.97296793
C60: Capital | D60: Market
C61: Structure | D61: to Book | E61: Composite
A62: EQUITY | C62: =+'Yield CapRate'!C23 -> 0.58 | D62: =+F33 -> 1.8160802 | E62: =+C62*D62 -> 1.0533265
A63: DEBT | B63: ='S&D'!I39 | C63: =+'Yield CapRate'!C25 -> 0.42 | D63: =+F55 -> 0.97296793 | E63: =+C63*D63 -> 0.40864653
D64: Total | E64: =+E62+E63 -> 1.4619731
A67: A market to book ratio over one would be an indication of obsolescence.
A68: Common Total Equity excludes 'noncontrolling interests' equity value.

Sheet Maintenance CapEx
A1: KENTUCKY DEPARTMENT OF REVENUE
A2: DIVISION OF STATE VALUATION, PUBLIC SERVICE BRANCH
A3: 2026 Tax Year
A8: =+'S&D'!A12 -> Natural Gas Utility Distribution | G8: Maintenance Capital Expenditures
G9: Estimate using Guideline Companies
G10: YEAR END 12/31/2025
A14: A | B14: B | C14: C | D14: D | E14: E | F14: F | G14: G | H14: H | I14: I | J14: J | K14: K | L14: L
B15: Ticker | C15: Inflation | D15: PP&E Gross | E15: PP&E Gross | F15: PP&E | G15: Depreciation | H15: Average Life of | I15: * | J15: * | K15: Replacement | L15: RC as % of
A16: Company | B16: Symbol | C16: Rate % | D16: Current Year | E16: Previous Year | F16: Average | G16: Expense | H16: Assets | K16: Cost | L16: Depreciation
A17: VL | B17: VL | C17: CPI | D17: 10K Balance Sheet | E17: 10K Balance Sheet | F17: (D+E)/2 | G17: 10K Income Statement | H17: F/G | I17: C*H | J17: 1/(1=C)^H | K17: (G*I) / (1-J) | L17: K/G
A20: =+'S&D'!A22 -> Atmos Energy Corp | B20: =+'S&D'!B22 -> ATO | C20: =+'Growth & Inflation Rates'!$D$56 -> 0.0228 | D20: 30322427000 | E20: 26675943000 | F20: =(D20+E20)/2 -> 28499185000 | G20: =194645000+(734745000-180533000) -> 748857000 | H20: =+F20/G20 -> 38.056912 | I20: =+C20*H20 -> 0.8676976 | J20: =1/(1+C20)^H20 -> 0.4240289 | K20: =(G20*I20)/(1-J20) -> 1.1281493e+09 | L20: =+K20/G20 -> 1.506495
A21: =+'S&D'!A23 -> Black Hills Corporation | B21: =+'S&D'!B23 -> BKH | C21: =+'Growth & Inflation Rates'!$D$56 -> 0.0228 | D21: 10344900000 | E21: 9566500000 | F21: =(D21+E21)/2 -> 9955700000 | G21: 283800000 | H21: =+F21/G21 -> 35.079986 | I21: =+C21*H21 -> 0.79982368 | J21: =1/(1+C21)^H21 -> 0.45346284 | K21: =(G21*I21)/(1-J21) -> 4.1532393e+08 | L21: =+K21/G21 -> 1.4634388
A22: =+'S&D'!A24 -> CenterPoint Energy Inc. | B22: =+'S&D'!B24 -> CNP | C22: =+'Growth & Inflation Rates'!$D$56 -> 0.0228 | D22: 44676000000 | E22: 42667000000 | F22: =(D22+E22)/2 -> 43671500000 | G22: 1530000000 | H22: =+F22/G22 -> 28.543464 | I22: =+C22*H22 -> 0.65079098 | J22: =1/(1+C22)^H22 -> 0.52545914 | K22: =(G22*I22)/(1-J22) -> 2.0982602e+09 | L22: =+K22/G22 -> 1.3714119
A23: =+'S&D'!A25 -> CMS Energy Corporation | B23: =+'S&D'!B25 -> CMS | C23: =+'Growth & Inflation Rates'!$D$56 -> 0.0228 | D23: 37763000000 | E23: 34932000000 | F23: =(D23+E23)/2 -> 36347500000 | G23: 1306000000 | H23: =+F23/G23 -> 27.831164 | I23: =+C23*H23 -> 0.63455054 | J23: =1/(1+C23)^H23 -> 0.53396512 | K23: =(G23*I23)/(1-J23) -> 1.7782424e+09 | L23: =+K23/G23 -> 1.3615945
A24: =+'S&D'!A26 -> New Jersey Resources Corp | B24: =+'S&D'!B26 -> NJR | C24: =+'Growth & Inflation Rates'!$D$56 -> 0.0228 | D24: 7141517000 | E24: 6496546000 | F24: =(D24+E24)/2 -> 6819031500 | G24: =49576000+(188774000-42961000) -> 195389000 | H24: =+F24/G24 -> 34.899772 | I24: =+C24*H24 -> 0.7957148 | J24: =1/(1+C24)^H24 -> 0.45530889 | K24: =(G24*I24)/(1-J24) -> 2.8543502e+08 | L24: =+K24/G24 -> 1.4608551
A25: =+'S&D'!A27 -> NISOURCE Inc. | B25: =+'S&D'!B27 -> NI | C25: =+'Growth & Inflation Rates'!$D$56 -> 0.0228 | D25: 38058800000 | E25: 34152900000 | F25: =(D25+E25)/2 -> 36105850000 | G25: 1167600000 | H25: =+F25/G25 -> 30.923133 | I25: =+C25*H25 -> 0.70504743 | J25: =1/(1+C25)^H25 -> 0.49801255 | K25: =(G25*I25)/(1-J25) -> 1.6399083e+09 | L25: =+K25/G25 -> 1.4045121
A26: =+'S&D'!A28 -> Northwest Natural Holding Company | B26: =+'S&D'!B28 -> NWN | C26: =+'Growth & Inflation Rates'!$D$56 -> 0.0228 | D26: 5640435000 | E26: 4918919000 | F26: =(D26+E26)/2 -> 5279677000 | G26: 165506000 | H26: =+F26/G26 -> 31.900215 | I26: =+C26*H26 -> 0.7273249 | J26: =1/(1+C26)^H26 -> 0.48716261 | K26: =(G26*I26)/(1-J26) -> 2.3472671e+08 | L26: =+K26/G26 -> 1.4182369
A27: =+'S&D'!A29 -> One Gas INC | B27: =+'S&D'!B29 -> OGS | C27: =+'Growth & Inflation Rates'!$D$56 -> 0.0228 | D27: 9734150000 | E27: 9124134000 | F27: =(D27+E27)/2 -> 9429142000 | G27: 317256000 | H27: =+F27/G27 -> 29.720926 | I27: =+C27*H27 -> 0.67763711 | J27: =1/(1+C27)^H27 -> 0.51169451 | K27: =(G27*I27)/(1-J27) -> 4.4026627e+08 | L27: =+K27/G27 -> 1.3877319
A28: =+'S&D'!A30 -> Southwest Gas Holdings, Inc | B28: =+'S&D'!B30 -> SWX | C28: =+'Growth & Inflation Rates'!$D$56 -> 0.0228 | D28: =11517031000+236871000 -> 11753902000 | E28: =10844895000+178647000 -> 11023542000 | F28: =(D28+E28)/2 -> 11388722000 | G28: 330724000 | H28: =+F28/G28 -> 34.435729 | I28: =+C28*H28 -> 0.78513462 | J28: =1/(1+C28)^H28 -> 0.46009704 | K28: =(G28*I28)/(1-J28) -> 4.8094358e+08 | L28: =+K28/G28 -> 1.4542143
A29: =+'S&D'!A31 -> Spire Inc / Laclede Group Inc | B29: =+'S&D'!B31 -> SR | C29: =+'Growth & Inflation Rates'!$D$56 -> 0.0228 | D29: =9490100000+1003400000 -> 10493500000 | E29: 8946300000 | F29: =(D29+E29)/2 -> 9719900000 | G29: =81400000+(298200000-72300000) -> 307300000 | H29: =+F29/G29 -> 31.630003 | I29: =+C29*H29 -> 0.72116407 | J29: =1/(1+C29)^H29 -> 0.49013929 | K29: =(G29*I29)/(1-J29) -> 4.3465542e+08 | L29: =+K29/G29 -> 1.4144335
A30: =+'S&D'!A32 -> WEC Energy Group | B30: =+'S&D'!B32 -> WEC | C30: =+'Growth & Inflation Rates'!$D$56 -> 0.0228 | D30: =38278100000+12411500000 -> 50689600000 | E30: =34645400000+11073100000 -> 45718500000 | F30: =(D30+E30)/2 -> 48204050000 | G30: 1478500000 | H30: =+F30/G30 -> 32.603348 | I30: =+C30*H30 -> 0.74335633 | J30: =1/(1+C30)^H30 -> 0.47950128 | K30: =(G30*I30)/(1-J30) -> 2.1115371e+09 | L30: =+K30/G30 -> 1.4281617
K32: High | L32: =MAX(L20:L30) -> 1.506495
K33: Low | L33: =MIN(L20:L30) -> 1.3615945
K34: Median | L34: =MEDIAN(L20:L30) -> 1.4182369
K35: Mean | L35: =AVERAGE(L20:L30) -> 1.4246442
K37: Selected > | L37: 1.4246
A40: Notes:
A41: *Cornell, B. & Gerger, R. (2017) Estimating Terminal Values with Inflation : The Inputs Matter - It is Not a Formulaic Exercise. Business Valuation Review, Vol.36, Number 4, 117-123.
A43: Property, Plant & Equipment includes CWIP, but should exclude intangibles and the associated amortization.
A45: KENTUCKY DEPARTMENT OF REVENUE
A46: DIVISION OF STATE VALUATION, PUBLIC SERVICE BRANCH
A47: 2026 Tax Year
G52: Maintenance Capital Expenditures and Change in Working Capital
G53: YEAR END 12/31/2025
A58: g = b X ROE | C58: The plowback ratio is multiplied by Net Cash Flow to estimate the amount of additional capital expenditures needed to achieve projected results.
A59: b = g / ROE | C59: It is assumed that the ROE is a fixed (unchanging) rate.
A61: g = LT growth rate
A62: b = reinvestment rate
A63: ROE = Return on equity (or return on investment)
A69: Aswath Damodaran's model to determine the Reinvesment Rate >
A71: Reinvestment Rate = | D71: Capital Expenditures - Depreciation + Change in Working Capital
D72: EBIT (1-Tax Rate)

Sheet Beta for CAPM
A1: KENTUCKY DEPARTMENT OF REVENUE
A2: DIVISION OF STATE VALUATION, PUBLIC SERVICE BRANCH
A3: 2026 Tax Year
A8: =+'S&D'!A12 -> Natural Gas Utility Distribution
E9: BETA SELECTION for CAPM
E10: YEAR END 12/31/2025
B13: Ticker | C13: Industry | D13: Historic | E13: Return on | F13: Retained to | G13: Financial | H13: Levered Beta
A14: Company | B14: Symbol | C14: Group | D14: Tax Rate | E14: Shareholders Equity | F14: Common Equity | G14: Strength | H14: Current
A15: VL | B15: VL | C15: VL | D15: VL | E15: Vl Projected 2026 | F15: Vl Projected 2026 | G15: VL | H15: Vl Projected 2026
A18: =+'S&D'!A22 -> Atmos Energy Corp | B18: =+'S&D'!B22 -> ATO | C18: =+'S&D'!C22 -> Gas Utility | D18: 0.2 | E18: 0.095 | F18: 0.05 | G18: A | H18: 0.8
A19: =+'S&D'!A23 -> Black Hills Corporation | B19: =+'S&D'!B23 -> BKH | C19: =+'S&D'!C23 -> Electric Utility - West | D19: 0.135 | E19: 0.08 | F19: 0.08 | G19: B++ | H19: 0.85
A20: =+'S&D'!A24 -> CenterPoint Energy Inc. | B20: =+'S&D'!B24 -> CNP | C20: =+'S&D'!C24 -> Electric Utility - Central | D20: 0.16 | E20: 0.105 | F20: 0.05 | G20: B++ | H20: 0.8
A21: =+'S&D'!A25 -> CMS Energy Corporation | B21: =+'S&D'!B25 -> CMS | C21: =+'S&D'!C25 -> Electric Utility - Central | D21: 0.2 | E21: 0.12 | F21: 0.05 | G21: B++ | H21: 0.7
A22: =+'S&D'!A26 -> New Jersey Resources Corp | B22: =+'S&D'!B26 -> NJR | C22: =+'S&D'!C26 -> Gas Utility | D22: 0.22 | E22: 0.135 | F22: 0.06 | G22: A | H22: 0.75
A23: =+'S&D'!A27 -> NISOURCE Inc. | B23: =+'S&D'!B27 -> NI | C23: =+'S&D'!C27 -> Gas Utility | D23: 0.19 | E23: 0.08 | F23: 0.03 | G23: B++ | H23: 0.85
A24: =+'S&D'!A28 -> Northwest Natural Holding Company | B24: =+'S&D'!B28 -> NWN | C24: =+'S&D'!C28 -> Gas Utility | D24: 0.25 | E24: 0.08 | F24: 0.08 | G24: A | H24: 0.8
A25: =+'S&D'!A29 -> One Gas INC | B25: =+'S&D'!B29 -> OGS | C25: =+'S&D'!C29 -> Gas Utility | D25: 0.18 | E25: 0.085 | F25: 0.035 | G25: A | H25: 0.75
A26: =+'S&D'!A30 -> Southwest Gas Holdings, Inc | B26: =+'S&D'!B30 -> SWX | C26: =+'S&D'!C30 -> Gas Utility | D26: 0.2 | E26: 0.075 | F26: 0.03 | G26: B++ | H26: 0.8
A27: =+'S&D'!A31 -> Spire Inc / Laclede Group Inc | B27: =+'S&D'!B31 -> SR | C27: =+'S&D'!C31 -> Gas Utility | D27: 0.195 | E27: 0.1 | F27: 0.035 | G27: B++ | H27: 0.75
A28: =+'S&D'!A32 -> WEC Energy Group | B28: =+'S&D'!B32 -> WEC | C28: =+'S&D'!C32 -> Electric Utility - Central | D28: 0.19 | E28: 0.125 | F28: 0.04 | G28: A | H28: 0.7
G29: High | H29: =MAX(H18:H28) -> 0.85
G30: Low | H30: =MIN(H18:H28) -> 0.7
G31: Median | H31: =MEDIAN(H18:H28) -> 0.8
G32: Mean | H32: =AVERAGE(H18:H28) -> 0.77727273
G34: Selected | H34: 0.78
A37: Return on Shareholders Equity -- Annual net profit divided by year-end shareholders equity, expressed as a percentage.
A38: Retained to Common Equity -- Net profit less all common and preferred dividends divided by common equity including intangible assets, expressed as a percentage. Also known as the plowback ratio.

Sheet Dividends 
A1: KENTUCKY DEPARTMENT OF REVENUE
A2: DIVISION OF STATE VALUATION, PUBLIC SERVICE BRANCH
A3: 2026 Tax Year
A6: =+'S&D'!A12 -> Natural Gas Utility Distribution
E7: Dividend Data
E8: YEAR END 12/31/2025
B10: Ticker | C10: Industry | D10: Stock | E10: Dividends | F10: Dividend | G10: Dividends | H10: Dividend | I10: Dividends | J10: Dividend | K10: Short Term
B11: Symbol | C11: Group | D11: Price | E11: Per Share | F11: Yield | G11: Per Share | H11: Yield | I11: Per Share | J11: Yield | K11: Growth Rate
A12: Company | E12: Historic | F12: Historic | G12: 1 Yr Projected | H12: 1 Yr Projected | I12: 3-5 Yr Projected | J12: 3-5 Yr Projected | K12: (1)
A13: VL | B13: VL | C13: VL | D13: Year End | E13: VL | G13: VL | I13: VL
A16: =+'S&D'!A22 -> Atmos Energy Corp | B16: =+'S&D'!B22 -> ATO | C16: =+'S&D'!C22 -> Gas Utility | D16: =+'S&D'!G22 -> 167.63 | E16: 4 | F16: =+E16/D16 -> 0.023862077 | G16: 4.24 | H16: =+G16/D16 -> 0.025293802 | I16: 5.05 | J16: =+I16/D16 -> 0.030125872 | K16: =RATE(3,,-G16,I16) -> 0.060006448
A17: =+'S&D'!A23 -> Black Hills Corporation | B17: =+'S&D'!B23 -> BKH | C17: =+'S&D'!C23 -> Electric Utility - West | D17: =+'S&D'!G23 -> 69.42 | E17: 2.81 | F17: =+E17/D17 -> 0.040478248 | G17: 2.9 | H17: =+G17/D17 -> 0.041774705 | I17: 3.1 | J17: =+I17/D17 -> 0.044655719 | K17: =RATE(3,,-G17,I17) -> 0.022479396
A18: =+'S&D'!A24 -> CenterPoint Energy Inc. | B18: =+'S&D'!B24 -> CNP | C18: =+'S&D'!C24 -> Electric Utility - Central | D18: =+'S&D'!G24 -> 38.34 | E18: 0.95 | F18: =+E18/D18 -> 0.024778299 | G18: 1.15 | H18: =+G18/D18 -> 0.029994784 | I18: 1.25 | J18: =+I18/D18 -> 0.032603026 | K18: =RATE(3,,-G18,I18) -> 0.028183723
A19: =+'S&D'!A25 -> CMS Energy Corporation | B19: =+'S&D'!B25 -> CMS | C19: =+'S&D'!C25 -> Electric Utility - Central | D19: =+'S&D'!G25 -> 69.93 | E19: 2.3 | F19: =+E19/D19 -> 0.032890033 | G19: 2.5 | H19: =+G19/D19 -> 0.035750036 | I19: 3.1 | J19: =+I19/D19 -> 0.044330044 | K19: =RATE(3,,-G19,I19) -> 0.074337071
A20: =+'S&D'!A26 -> New Jersey Resources Corp | B20: =+'S&D'!B26 -> NJR | C20: =+'S&D'!C26 -> Gas Utility | D20: =+'S&D'!G26 -> 46.12 | E20: 1.9 | F20: =+E20/D20 -> 0.041196878 | G20: 2.1 | H20: =+G20/D20 -> 0.045533391 | I20: 2.4 | J20: =+I20/D20 -> 0.052038161 | K20: =RATE(3,,-G20,I20) -> 0.045515917
A21: =+'S&D'!A27 -> NISOURCE Inc. | B21: =+'S&D'!B27 -> NI | C21: =+'S&D'!C27 -> Gas Utility | D21: =+'S&D'!G27 -> 41.76 | E21: 1.2 | F21: =+E21/D21 -> 0.028735632 | G21: 1.28 | H21: =+G21/D21 -> 0.030651341 | I21: 1.52 | J21: =+I21/D21 -> 0.036398467 | K21: =RATE(3,,-G21,I21) -> 0.058955896
A22: =+'S&D'!A28 -> Northwest Natural Holding Company | B22: =+'S&D'!B28 -> NWN | C22: =+'S&D'!C28 -> Gas Utility | D22: =+'S&D'!G28 -> 46.74 | E22: 1.97 | F22: =+E22/D22 -> 0.042148053 | G22: 1.97 | H22: =+G22/D22 -> 0.042148053 | I22: 2 | J22: =+I22/D22 -> 0.042789902 | K22: =RATE(3,,-G22,I22) -> 0.0050505907
A23: =+'S&D'!A29 -> One Gas INC | B23: =+'S&D'!B29 -> OGS | C23: =+'S&D'!C29 -> Gas Utility | D23: =+'S&D'!G29 -> 77.25 | E23: 2.72 | F23: =+E23/D23 -> 0.035210356 | G23: 2.76 | H23: =+G23/D23 -> 0.035728155 | I23: 2.95 | J23: =+I23/D23 -> 0.038187702 | K23: =RATE(3,,-G23,I23) -> 0.02243956
A24: =+'S&D'!A30 -> Southwest Gas Holdings, Inc | B24: =+'S&D'!B30 -> SWX | C24: =+'S&D'!C30 -> Gas Utility | D24: =+'S&D'!G30 -> 80.02 | E24: 2.48 | F24: =+E24/D24 -> 0.030992252 | G24: 2.48 | H24: =+G24/D24 -> 0.030992252 | I24: 2.7 | J24: =+I24/D24 -> 0.033741565 | K24: =RATE(3,,-G24,I24) -> 0.028736213
A25: =+'S&D'!A31 -> Spire Inc / Laclede Group Inc | B25: =+'S&D'!B31 -> SR | C25: =+'S&D'!C31 -> Gas Utility | D25: =+'S&D'!G31 -> 82.7 | E25: 3.3 | F25: =+E25/D25 -> 0.039903265 | G25: 3.46 | H25: =+G25/D25 -> 0.041837969 | I25: 4 | J25: =+I25/D25 -> 0.048367594 | K25: =RATE(3,,-G25,I25) -> 0.049529453
A26: =+'S&D'!A32 -> WEC Energy Group | B26: =+'S&D'!B32 -> WEC | C26: =+'S&D'!C32 -> Electric Utility - Central | D26: =+'S&D'!G32 -> 105.46 | E26: 3.81 | F26: =+E26/D26 -> 0.036127442 | G26: 4 | H26: =+G26/D26 -> 0.037929073 | I26: 4.59 | J26: =+I26/D26 -> 0.043523611 | K26: =RATE(3,,-G26,I26) -> 0.046929807
D28: High | E28: =MAX(E16:E26) -> 4 | F28: =MAX(F16:F26) -> 0.042148053 | G28: =MAX(G16:G26) -> 4.24 | H28: =MAX(H16:H26) -> 0.045533391 | I28: =MAX(I16:I26) -> 5.05 | J28: =MAX(J16:J26) -> 0.052038161 | K28: =MAX(K16:K26) -> 0.074337071
D29: Low | E29: =MIN(E16:E26) -> 0.95 | F29: =MIN(F16:F26) -> 0.023862077 | G29: =MIN(G16:G26) -> 1.15 | H29: =MIN(H16:H26) -> 0.025293802 | I29: =MIN(I16:I26) -> 1.25 | J29: =MIN(J16:J26) -> 0.030125872 | K29: =MIN(K16:K26) -> 0.0050505907
D30: Median | E30: =MEDIAN(E16:E26) -> 2.48 | F30: =MEDIAN(F16:F26) -> 0.035210356 | G30: =MEDIAN(G16:G26) -> 2.5 | H30: =MEDIAN(H16:H26) -> 0.035750036 | I30: =MEDIAN(I16:I26) -> 2.95 | J30: =MEDIAN(J16:J26) -> 0.042789902 | K30: =MEDIAN(K16:K26) -> 0.045515917
D31: Mean | E31: =AVERAGE(E16:E26) -> 2.4945455 | F31: =AVERAGE(F16:F26) -> 0.03421114 | G31: =AVERAGE(G16:G26) -> 2.6218182 | H31: =AVERAGE(H16:H26) -> 0.036148505 | I31: =AVERAGE(I16:I26) -> 2.9690909 | J31: =AVERAGE(J16:J26) -> 0.040614697 | K31: =AVERAGE(K16:K26) -> 0.040196734
A34: (1) 4 Year compound annual growth rate (CAGR) - 3 periods

Sheet Earnings
A1: KENTUCKY DEPARTMENT OF REVENUE
A2: DIVISION OF STATE VALUATION, PUBLIC SERVICE BRANCH
A3: 2026 Tax Year
A6: =+'S&D'!A12 -> Natural Gas Utility Distribution
E7: Earnings Data
E8: YEAR END 12/31/2025
B10: Ticker | C10: Industry | D10: Stock | E10: Earnings | F10: Earnings | G10: Earnings | H10: Earnings | I10: Earnings | J10: Earnings | K10: Short Term
B11: Symbol | C11: Group | D11: Price | E11: Per Share | F11: Yield | G11: Per Share | H11: Yield | I11: Per Share | J11: Yield | K11: Growth Rate
A12: Company | E12: Historic | F12: Historic | G12: 1 Yr Projected | H12: 1 Yr Projected | I12: 3-5 Yr Projected | J12: 3-5 Yr Projected | K12: (1)
A13: VL | B13: VL | C13: VL | D13: Year End | E13: VL | G13: VL | I13: VL
A16: =+'S&D'!A22 -> Atmos Energy Corp | B16: =+'S&D'!B22 -> ATO | C16: =+'S&D'!C22 -> Gas Utility | D16: =+'S&D'!G22 -> 167.63 | E16: 8.15 | F16: =+E16/D16 -> 0.048618982 | G16: 8.75 | H16: =+G16/D16 -> 0.052198294 | I16: 10.7 | J16: =+I16/D16 -> 0.063831056 | K16: =RATE(3,,-G16,I16) -> 0.069363217
A17: =+'S&D'!A23 -> Black Hills Corporation | B17: =+'S&D'!B23 -> BKH | C17: =+'S&D'!C23 -> Electric Utility - West | D17: =+'S&D'!G23 -> 69.42 | E17: 4.3 | F17: =+E17/D17 -> 0.061941804 | G17: 4.5 | H17: 0.05 | I17: 5 | J17: =+I17/D17 -> 0.072025353 | K17: =RATE(3,,-G17,I17) -> 0.035744169
A18: =+'S&D'!A24 -> CenterPoint Energy Inc. | B18: =+'S&D'!B24 -> CNP | C18: =+'S&D'!C24 -> Electric Utility - Central | D18: =+'S&D'!G24 -> 38.34 | E18: 1.9 | F18: =+E18/D18 -> 0.049556599 | G18: 2.1 | H18: =+G18/D18 -> 0.054773083 | I18: 2.4 | J18: =+I18/D18 -> 0.062597809 | K18: =RATE(3,,-G18,I18) -> 0.045515917
A19: =+'S&D'!A25 -> CMS Energy Corporation | B19: =+'S&D'!B25 -> CMS | C19: =+'S&D'!C25 -> Electric Utility - Central | D19: =+'S&D'!G25 -> 69.93 | E19: 3.8 | F19: =+E19/D19 -> 0.054340054 | G19: 4.1 | H19: =+G19/D19 -> 0.058630059 | I19: 5.15 | J19: =+I19/D19 -> 0.073645074 | K19: =RATE(3,,-G19,I19) -> 0.078966078
A20: =+'S&D'!A26 -> New Jersey Resources Corp | B20: =+'S&D'!B26 -> NJR | C20: =+'S&D'!C26 -> Gas Utility | D20: =+'S&D'!G26 -> 46.12 | E20: 3.4 | F20: =+E20/D20 -> 0.073720729 | G20: 3.6 | H20: =+G20/D20 -> 0.078057242 | I20: 4 | J20: =+I20/D20 -> 0.086730269 | K20: =RATE(3,,-G20,I20) -> 0.035744169
A21: =+'S&D'!A27 -> NISOURCE Inc. | B21: =+'S&D'!B27 -> NI | C21: =+'S&D'!C27 -> Gas Utility | D21: =+'S&D'!G27 -> 41.76 | E21: 2.05 | F21: =+E21/D21 -> 0.049090038 | G21: 2.2 | H21: =+G21/D21 -> 0.052681992 | I21: 2.65 | J21: =+I21/D21 -> 0.063457854 | K21: =RATE(3,,-G21,I21) -> 0.063998619
A22: =+'S&D'!A28 -> Northwest Natural Holding Company | B22: =+'S&D'!B28 -> NWN | C22: =+'S&D'!C28 -> Gas Utility | D22: =+'S&D'!G28 -> 46.74 | E22: 3 | F22: =+E22/D22 -> 0.064184852 | G22: 3.15 | H22: =+G22/D22 -> 0.067394095 | I22: 3.6 | J22: =+I22/D22 -> 0.077021823 | K22: =RATE(3,,-G22,I22) -> 0.045515917
A23: =+'S&D'!A29 -> One Gas INC | B23: =+'S&D'!B29 -> OGS | C23: =+'S&D'!C29 -> Gas Utility | D23: =+'S&D'!G29 -> 77.25 | E23: 4.65 | F23: =+E23/D23 -> 0.060194175 | G23: 4.95 | H23: =+G23/D23 -> 0.06407767 | I23: 6 | J23: =+I23/D23 -> 0.077669903 | K23: =RATE(3,,-G23,I23) -> 0.066224564
A24: =+'S&D'!A30 -> Southwest Gas Holdings, Inc | B24: =+'S&D'!B30 -> SWX | C24: =+'S&D'!C30 -> Gas Utility | D24: =+'S&D'!G30 -> 80.02 | E24: 4.1 | F24: =+E24/D24 -> 0.051237191 | G24: 4.45 | H24: =+G24/D24 -> 0.055611097 | I24: 5.65 | J24: =+I24/D24 -> 0.070607348 | K24: =RATE(3,,-G24,I24) -> 0.082836315
A25: =+'S&D'!A31 -> Spire Inc / Laclede Group Inc | B25: =+'S&D'!B31 -> SR | C25: =+'S&D'!C31 -> Gas Utility | D25: =+'S&D'!G31 -> 82.7 | E25: 5.35 | F25: =+E25/D25 -> 0.064691657 | G25: 5.75 | H25: =+G25/D25 -> 0.069528416 | I25: 6.75 | J25: =+I25/D25 -> 0.081620314 | K25: =RATE(3,,-G25,I25) -> 0.054901661
A26: =+'S&D'!A32 -> WEC Energy Group | B26: =+'S&D'!B32 -> WEC | C26: =+'S&D'!C32 -> Electric Utility - Central | D26: =+'S&D'!G32 -> 105.46 | E26: 5.6 | F26: =+E26/D26 -> 0.053100702 | G26: 6 | H26: =+G26/D26 -> 0.056893609 | I26: 7.25 | J26: =+I26/D26 -> 0.068746444 | K26: =RATE(3,,-G26,I26) -> 0.065112755
D28: High | E28: =MAX(E16:E26) -> 8.15 | F28: =MAX(F16:F26) -> 0.073720729 | G28: =MAX(G16:G26) -> 8.75 | H28: =MAX(H16:H26) -> 0.078057242 | I28: =MAX(I16:I26) -> 10.7 | J28: =MAX(J16:J26) -> 0.086730269 | K28: =MAX(K16:K26) -> 0.082836315
D29: Low | E29: =MIN(E16:E26) -> 1.9 | F29: =MIN(F16:F26) -> 0.048618982 | G29: =MIN(G16:G26) -> 2.1 | H29: =MIN(H16:H26) -> 0.05 | I29: =MIN(I16:I26) -> 2.4 | J29: =MIN(J16:J26) -> 0.062597809 | K29: =MIN(K16:K26) -> 0.035744169
D30: Median | E30: =MEDIAN(E16:E26) -> 4.1 | F30: =MEDIAN(F16:F26) -> 0.054340054 | G30: =MEDIAN(G16:G26) -> 4.45 | H30: =MEDIAN(H16:H26) -> 0.056893609 | I30: =MEDIAN(I16:I26) -> 5.15 | J30: =MEDIAN(J16:J26) -> 0.072025353 | K30: =MEDIAN(K16:K26) -> 0.063998619
D31: Mean | E31: =AVERAGE(E16:E26) -> 4.2090909 | F31: =AVERAGE(F16:F26) -> 0.057334253 | G31: =AVERAGE(G16:G26) -> 4.5045455 | H31: =AVERAGE(H16:H26) -> 0.05998596 | I31: =AVERAGE(I16:I26) -> 5.3772727 | J31: =AVERAGE(J16:J26) -> 0.072541204 | K31: =AVERAGE(K16:K26) -> 0.058538489
A34: (1) 4 Year compound annual growth rate (CAGR) - 3 periods

Sheet Debt
A1: KENTUCKY DEPARTMENT OF REVENUE
A2: DIVISION OF STATE VALUATION, PUBLIC SERVICE BRANCH
A3: 2026 Tax Year
A6: =+'S&D'!A12 -> Natural Gas Utility Distribution
E7: DEBT RATE for Direct and Yield Approach
E8: YEAR END 12/31/2025
B10: Ticker | C10: Industry | D10: Actual | E10: Financial | F10: S & P | G10: Numeric | H10: Moody's Bond | I10: Numeric | J10: Mergent Bond
A11: Company | B11: Symbol | C11: Group | D11: Tax Rate | E11: Strength | F11: Rating | G11: Rating | H11: Rating | I11: Rating | J11: Debt Rate
A12: VL | B12: VL | C12: VL | D12: VL | E12: VL | F12: S&P | H12: Moody's | J12: Mergent Bond
A15: =+'S&D'!A22 -> Atmos Energy Corp | B15: =+'S&D'!B22 -> ATO | C15: =+'S&D'!C22 -> Gas Utility | D15: =+'Beta for CAPM'!D18 -> 0.2 | E15: =+'Beta for CAPM'!G18 -> A | F15: A- | G15: 9 | H15: A2 | I15: 8 | J15: =VLOOKUP(I15,$B$39:$E$62,4,0) -> 0.0568
A16: =+'S&D'!A23 -> Black Hills Corporation | B16: =+'S&D'!B23 -> BKH | C16: =+'S&D'!C23 -> Electric Utility - West | D16: =+'Beta for CAPM'!D19 -> 0.135 | E16: =+'Beta for CAPM'!G19 -> B++ | F16: BBB+ | G16: 10 | H16: Baa2 | I16: 11 | J16: =VLOOKUP(I16,$B$39:$E$62,4,0) -> 0.0588
A17: =+'S&D'!A24 -> CenterPoint Energy Inc. | B17: =+'S&D'!B24 -> CNP | C17: =+'S&D'!C24 -> Electric Utility - Central | D17: =+'Beta for CAPM'!D20 -> 0.16 | E17: =+'Beta for CAPM'!G20 -> B++ | F17: BBB+ | G17: 10 | H17: Baa2 | I17: 11 | J17: =VLOOKUP(I17,$B$39:$E$62,4,0) -> 0.0588
A18: =+'S&D'!A25 -> CMS Energy Corporation | B18: =+'S&D'!B25 -> CMS | C18: =+'S&D'!C25 -> Electric Utility - Central | D18: =+'Beta for CAPM'!D21 -> 0.2 | E18: =+'Beta for CAPM'!G21 -> B++ | F18: BBB+ | G18: 10 | H18: Baa2 | I18: 11 | J18: =VLOOKUP(I18,$B$39:$E$62,4,0) -> 0.0588
A19: =+'S&D'!A26 -> New Jersey Resources Corp | B19: =+'S&D'!B26 -> NJR | C19: =+'S&D'!C26 -> Gas Utility | D19: =+'Beta for CAPM'!D22 -> 0.22 | E19: =+'Beta for CAPM'!G22 -> A | F19: NA | H19: NA | J19: N/A
A20: =+'S&D'!A27 -> NISOURCE Inc. | B20: =+'S&D'!B27 -> NI | C20: =+'S&D'!C27 -> Gas Utility | D20: =+'Beta for CAPM'!D23 -> 0.19 | E20: =+'Beta for CAPM'!G23 -> B++ | F20: BBB+ | G20: 10 | H20: Baa2 | I20: 11 | J20: =VLOOKUP(I20,$B$39:$E$62,4,0) -> 0.0588
A21: =+'S&D'!A28 -> Northwest Natural Holding Company | B21: =+'S&D'!B28 -> NWN | C21: =+'S&D'!C28 -> Gas Utility | D21: =+'Beta for CAPM'!D24 -> 0.25 | E21: =+'Beta for CAPM'!G24 -> A | F21: A+ | G21: 7 | H21: Baa1 | I21: 10 | J21: =VLOOKUP(I21,$B$39:$E$62,4,0) -> 0.0588
A22: =+'S&D'!A29 -> One Gas INC | B22: =+'S&D'!B29 -> OGS | C22: =+'S&D'!C29 -> Gas Utility | D22: =+'Beta for CAPM'!D25 -> 0.18 | E22: =+'Beta for CAPM'!G25 -> A | F22: A- | G22: 9 | H22: A3 | I22: 9 | J22: =VLOOKUP(I22,$B$39:$E$62,4,0) -> 0.0568
A23: =+'S&D'!A30 -> Southwest Gas Holdings, Inc | B23: =+'S&D'!B30 -> SWX | C23: =+'S&D'!C30 -> Gas Utility | D23: =+'Beta for CAPM'!D26 -> 0.2 | E23: B++ | F23: BBB+ | G23: 10 | H23: Baa2 | I23: 11 | J23: =VLOOKUP(I23,$B$39:$E$62,4,0) -> 0.0588
A24: =+'S&D'!A31 -> Spire Inc / Laclede Group Inc | B24: =+'S&D'!B31 -> SR | C24: =+'S&D'!C31 -> Gas Utility | D24: =+'Beta for CAPM'!D27 -> 0.195 | E24: =+'Beta for CAPM'!G27 -> B++ | F24: BBB+ | G24: 10 | H24: Baa2 | I24: 11 | J24: =VLOOKUP(I24,$B$39:$E$62,4,0) -> 0.0588
A25: =+'S&D'!A32 -> WEC Energy Group | B25: =+'S&D'!B32 -> WEC | C25: =+'S&D'!C32 -> Electric Utility - Central | D25: =+'Beta for CAPM'!D28 -> 0.19 | E25: =+'Beta for CAPM'!G28 -> A | F25: A- | G25: 9 | H25: Baa1 | I25: 10 | J25: =VLOOKUP(I25,$B$39:$E$62,4,0) -> 0.0588
E27: High | G27: =MAX(G15:G25) -> 10 | I27: =MAX(I15:I25) -> 11 | J27: =MAX(J15:J25) -> 0.0588
E28: Low | G28: =MIN(G15:G25) -> 7 | I28: =MIN(I15:I25) -> 8 | J28: =MIN(J15:J25) -> 0.0568
E29: Median | G29: =MEDIAN(G15:G25) -> 10 | I29: =MEDIAN(I15:I25) -> 11 | J29: =MEDIAN(J15:J25) -> 0.0588
E30: Mean | G30: =AVERAGE(G15:G25) -> 9.4 | I30: =AVERAGE(I15:I25) -> 10.3 | J30: =AVERAGE(J15:J25) -> 0.0584
H33: Indicated Rate of Debt > | J33: 0.0584
A37: Bond Rating Scale
A38: Moody's Rating | B38: Scale | C38: S&P Rating | D38: Corporate December Avg | E38: Utility December Avg
A39: Aaa1 | B39: 1 | C39: AAA+ | D39: 0.0531 | E39: 0.0531
A40: Aaa2 | B40: 2 | C40: AAA | D40: 0.0531 | E40: 0.0531 | F40: Obligations rated Aaa are judged to be of the highest quality, with minimal risk.
A41: Aaa3 | B41: 3 | C41: AAA- | D41: 0.0531 | E41: 0.0531
A42: Aa1 | B42: 4 | C42: AA+ | D42: 0.0549 | E42: 0.0557
A43: Aa2 | B43: 5 | C43: AA | D43: 0.0549 | E43: 0.0557 | F43: Obligations rated Aa are judged to be of high quality, with minimal risk.
A44: Aa3 | B44: 6 | C44: AA- | D44: 0.0549 | E44: 0.0557
A45: A1 | B45: 7 | C45: A+ | D45: 0.0563 | E45: 0.0568
A46: A2 | B46: 8 | C46: A | D46: 0.0563 | E46: 0.0568 | F46: Obligations rated A are considered upper-medium-grade and are sub­ject to low credit risk.
A47: A3 | B47: 9 | C47: A- | D47: 0.0563 | E47: 0.0568
A48: Baa1 | B48: 10 | C48: BBB+ | D48: 0.059 | E48: 0.0588
A49: Baa2 | B49: 11 | C49: BBB | D49: 0.059 | E49: 0.0588 | F49: Obligations rated Baa are subject to moderate credit risk. They are considered medium-grade and as such may possess speculative characteristics.
A50: Baa3 | B50: 12 | C50: BBB- | D50: 0.059 | E50: 0.0588
A51: Ba1 | B51: 13 | C51: BB+ | D51: 0.0813 | E51: 0.0814
A52: Ba2 | B52: 14 | C52: BB | D52: 0.0813 | E52: 0.0814 | F52: Obligations rated Ba are judged to have speculative elements and are subject to substantial credit risk.
A53: Ba3 | B53: 15 | C53: BB- | D53: 0.0813 | E53: 0.0814
A54: B1 | B54: 16 | C54: B+ | D54: 0.0899 | E54: 0.09
A55: B2 | B55: 17 | C55: B | D55: 0.0899 | E55: 0.09 | F55: Obligations rated B are considered speculative and are subject to high credit risk.
A56: B3 | B56: 18 | C56: B- | D56: 0.0899 | E56: 0.09
A57: Caa1 | B57: 19 | C57: CCC+ | D57: 0.0985 | E57: 0.0986
A58: Caa2 | B58: 20 | C58: CCC | D58: 0.0985 | E58: 0.0986 | F58: Obligations rated Caa are judged to be of poor standing and are subject to very high credit risk .
A59: Caa3 | B59: 21 | C59: CCC- | D59: 0.0985 | E59: 0.0986
A60: Ca1 | B60: 22 | C60: CC+
A61: Ca2 | B61: 23 | C61: CC | F61: Obligations rated Ca are highly speculative and are likely in, or very near, default, with some prospect of recovery in principal and interest.
A62: Ca3 | B62: 24 | C62: CC-
A63: C1 C2 C3 | B63: 25 | C63: C | F63: Obligations rated C are the lowest-rated class of bonds and are typical­ly in default, with little prospect for recovery of principal and interest.

Sheet Direct GCF
A1: KENTUCKY DEPARTMENT OF REVENUE
A2: DIVISION OF STATE VALUATION, PUBLIC SERVICE BRANCH
A3: 2026 Tax Year
A6: =+'S&D'!A12 -> Natural Gas Utility Distribution
D9: GCF CASH FLOW MULTIPLE & EQUITY RATE | K9: GCF CASH FLOW MULTIPLE & EQUITY RATE (1 Yr Projected VL)
D10: YEAR END 12/31/2025 | K10: YEAR END 12/31/2025
B12: Ticker | C12: Share | D12: Gross Cash Flow | E12: Gross Cash Flow | F12: Computed | H12: Ticker | I12: Share | J12: Gross Cash Flow | L12: Gross Cash Flow | M12: Computed
A13: Company | B13: Symbol | C13: Price | D13: Per Share | E13: Multiple | F13: Inverse | H13: Symbol | I13: Price | J13: Per Share | L13: Multiple | M13: Inverse
C14: Year End | D14: VL Historic | I14: Year End | J14: VL Projected
A17: =+'S&D'!A22 -> Atmos Energy Corp | B17: =+'S&D'!B22 -> ATO | C17: =+'S&D'!G22 -> 167.63 | D17: 12.8 | E17: =C17/D17 -> 13.096094 | F17: =1/E17 -> 0.076358647 | H17: =+B17 -> ATO | I17: =+C17 -> 167.63 | J17: 13.45 | L17: =I17/J17 -> 12.463197 | M17: =1/L17 -> 0.080236235
A18: =+'S&D'!A23 -> Black Hills Corporation | B18: =+'S&D'!B23 -> BKH | C18: =+'S&D'!G23 -> 69.42 | D18: 7.85 | E18: =C18/D18 -> 8.8433121 | F18: =1/E18 -> 0.1130798 | H18: =+B18 -> BKH | I18: =+C18 -> 69.42 | J18: 8.05 | L18: =I18/J18 -> 8.6236025 | M18: =1/L18 -> 0.11596082
A19: =+'S&D'!A24 -> CenterPoint Energy Inc. | B19: =+'S&D'!B24 -> CNP | C19: =+'S&D'!G24 -> 38.34 | D19: 4.35 | E19: =C19/D19 -> 8.8137931 | F19: =1/E19 -> 0.11345853 | H19: =+B19 -> CNP | I19: =+C19 -> 38.34 | J19: 4.65 | L19: =I19/J19 -> 8.2451613 | M19: =1/L19 -> 0.12128326
A20: =+'S&D'!A25 -> CMS Energy Corporation | B20: =+'S&D'!B25 -> CMS | C20: =+'S&D'!G25 -> 69.93 | D20: 8.2 | E20: =C20/D20 -> 8.5280488 | F20: =1/E20 -> 0.11726012 | H20: =+B20 -> CMS | I20: =+C20 -> 69.93 | J20: 8.65 | L20: =I20/J20 -> 8.0843931 | M20: =1/L20 -> 0.12369512
A21: =+'S&D'!A26 -> New Jersey Resources Corp | B21: =+'S&D'!B26 -> NJR | C21: =+'S&D'!G26 -> 46.12 | D21: 5.3 | E21: =C21/D21 -> 8.7018868 | F21: =1/E21 -> 0.11491761 | H21: =+B21 -> NJR | I21: =+C21 -> 46.12 | J21: 5.5 | L21: =I21/J21 -> 8.3854545 | M21: =1/L21 -> 0.11925412
A22: =+'S&D'!A27 -> NISOURCE Inc. | B22: =+'S&D'!B27 -> NI | C22: =+'S&D'!G27 -> 41.76 | D22: 4.2 | E22: =C22/D22 -> 9.9428571 | F22: =1/E22 -> 0.10057471 | H22: =+B22 -> NI | I22: =+C22 -> 41.76 | J22: 4.9 | L22: =I22/J22 -> 8.522449 | M22: =1/L22 -> 0.11733716
A23: =+'S&D'!A28 -> Northwest Natural Holding Company | B23: =+'S&D'!B28 -> NWN | C23: =+'S&D'!G28 -> 46.74 | D23: 6.55 | E23: =C23/D23 -> 7.1358779 | F23: =1/E23 -> 0.14013693 | H23: =+B23 -> NWN | I23: =+C23 -> 46.74 | J23: 6.8 | L23: =I23/J23 -> 6.8735294 | M23: =1/L23 -> 0.14548567
A24: =+'S&D'!A29 -> One Gas INC | B24: =+'S&D'!B29 -> OGS | C24: =+'S&D'!G29 -> 77.25 | D24: 10.1 | E24: =C24/D24 -> 7.6485149 | F24: =1/E24 -> 0.13074434 | H24: =+B24 -> OGS | I24: =+C24 -> 77.25 | J24: 10.5 | L24: =I24/J24 -> 7.3571429 | M24: =1/L24 -> 0.13592233
A25: =+'S&D'!A30 -> Southwest Gas Holdings, Inc | B25: =+'S&D'!B30 -> SWX | C25: =+'S&D'!G30 -> 80.02 | D25: 8.8 | E25: =C25/D25 -> 9.0931818 | F25: =1/E25 -> 0.10997251 | H25: =+B25 -> SWX | I25: =+C25 -> 80.02 | J25: 9.15 | L25: =I25/J25 -> 8.7453552 | M25: =1/L25 -> 0.11434641
A26: =+'S&D'!A31 -> Spire Inc / Laclede Group Inc | B26: =+'S&D'!B31 -> SR | C26: =+'S&D'!G31 -> 82.7 | D26: 10.55 | E26: =C26/D26 -> 7.8388626 | F26: =1/E26 -> 0.12756953 | H26: =+B26 -> SR | I26: =+C26 -> 82.7 | J26: 11.15 | L26: =I26/J26 -> 7.4170404 | M26: =1/L26 -> 0.13482467
A27: =+'S&D'!A32 -> WEC Energy Group | B27: =+'S&D'!B32 -> WEC | C27: =+'S&D'!G32 -> 105.46 | D27: 11.15 | E27: =C27/D27 -> 9.458296 | F27: =1/E27 -> 0.10572729 | H27: =+B27 -> WEC | I27: =+C27 -> 105.46 | J27: 11.55 | L27: =I27/J27 -> 9.1307359 | M27: =1/L27 -> 0.1095202
C29: High | D29: =MAX(D17:D27) -> 12.8 | E29: =MAX(E17:E27) -> 13.096094 | F29: =MAX(F17:F27) -> 0.14013693 | I29: High | J29: =MAX(J17:J27) -> 13.45 | L29: =MAX(L17:L27) -> 12.463197 | M29: =MAX(M17:M27) -> 0.14548567
C30: Low | D30: =MIN(D17:D27) -> 4.2 | E30: =MIN(E17:E27) -> 7.1358779 | F30: =MIN(F17:F27) -> 0.076358647 | I30: Low | J30: =MIN(J17:J27) -> 4.65 | L30: =MIN(L17:L27) -> 6.8735294 | M30: =MIN(M17:M27) -> 0.080236235
C31: Median | D31: =MEDIAN(D17:D27) -> 8.2 | E31: =MEDIAN(E17:E27) -> 8.8137931 | F31: =MEDIAN(F17:F27) -> 0.11345853 | I31: Median | J31: =MEDIAN(J17:J27) -> 8.65 | L31: =MEDIAN(L17:L27) -> 8.3854545 | M31: =MEDIAN(M17:M27) -> 0.11925412
C32: Mean | D32: =AVERAGE(D17:D27) -> 8.1681818 | E32: =AVERAGE(E17:E27) -> 9.0091568 | F32: =AVERAGE(F17:F27) -> 0.11361818 | I32: Mean | J32: =AVERAGE(J17:J27) -> 8.5772727 | L32: =AVERAGE(L17:L27) -> 8.5316419 | M32: =AVERAGE(M17:M27) -> 0.119806
D34: Selected | E34: 9.01 | F34: 0.1136 | J34: Selected | L34: 8.53 | M34: 0.1198
E36: SELECTED AVERAGE > | G36: =(+E34+L34)/2 -> 8.77 | H36: =(+F34+M34)/2 -> 0.1167
A38: Guideline companies were selected from Electric (East & Central & West) Value Line Industry groups.

Sheet Direct NOPAT
A1: KENTUCKY DEPARTMENT OF REVENUE
A2: DIVISION OF STATE VALUATION, PUBLIC SERVICE BRANCH
A3: 2026 Tax Year
A6: =+'S&D'!A12 -> Natural Gas Utility Distribution
E8: NOPAT CASH FLOW MULTIPLE & EQUITY RATE | K8: NOPAT CASH FLOW MULTIPLE & EQUITY RATE (1 Yr Projected VL)
E9: YEAR END 12/31/2025 | K9: YEAR END 12/31/2025
C11: Ticker | E11: NOPAT | F11: NOPAT | G11: Computed | I11: Ticker | K11: NOPAT | L11: NOPAT | M11: Computed
A12: Company | C12: Symbol | D12: Price | E12: Earnings | F12: Multiple | G12: Inverse | I12: Symbol | J12: Price | K12: Earnings | L12: Multiple | M12: Inverse
D13: Year End | E13: VL Historic | J13: Year End | K13: VL Projected NOI
A16: =+'S&D'!A22 -> Atmos Energy Corp | C16: =+'S&D'!B22 -> ATO | D16: ='S&D'!G22 -> 167.63 | E16: =+Earnings!E16 -> 8.15 | F16: =D16/E16 -> 20.568098 | G16: =1/F16 -> 0.048618982 | I16: ALE | J16: =+D16 -> 167.63 | K16: =+Earnings!G16 -> 8.75 | L16: =J16/K16 -> 19.157714 | M16: =1/L16 -> 0.052198294
A17: =+'S&D'!A23 -> Black Hills Corporation | C17: =+'S&D'!B23 -> BKH | D17: ='S&D'!G23 -> 69.42 | E17: =+Earnings!E17 -> 4.3 | F17: =D17/E17 -> 16.144186 | G17: =1/F17 -> 0.061941804 | I17: LNT | J17: =+D17 -> 69.42 | K17: =+Earnings!G17 -> 4.5 | L17: =J17/K17 -> 15.426667 | M17: =1/L17 -> 0.064822818
A18: =+'S&D'!A24 -> CenterPoint Energy Inc. | C18: =+'S&D'!B24 -> CNP | D18: ='S&D'!G24 -> 38.34 | E18: =+Earnings!E18 -> 1.9 | F18: =D18/E18 -> 20.178947 | G18: =1/F18 -> 0.049556599 | I18: AEE | J18: =+D18 -> 38.34 | K18: =+Earnings!G18 -> 2.1 | L18: =J18/K18 -> 18.257143 | M18: =1/L18 -> 0.054773083
A19: =+'S&D'!A25 -> CMS Energy Corporation | C19: =+'S&D'!B25 -> CMS | D19: ='S&D'!G25 -> 69.93 | E19: =+Earnings!E19 -> 3.8 | F19: =D19/E19 -> 18.402632 | G19: =1/F19 -> 0.054340054 | I19: AEP | J19: =+D19 -> 69.93 | K19: =+Earnings!G19 -> 4.1 | L19: =J19/K19 -> 17.056098 | M19: =1/L19 -> 0.058630059
A20: =+'S&D'!A26 -> New Jersey Resources Corp | C20: =+'S&D'!B26 -> NJR | D20: ='S&D'!G26 -> 46.12 | E20: =+Earnings!E20 -> 3.4 | F20: =D20/E20 -> 13.564706 | G20: =1/F20 -> 0.073720729 | I20: CMS | J20: =+D20 -> 46.12 | K20: =+Earnings!G20 -> 3.6 | L20: =J20/K20 -> 12.811111 | M20: =1/L20 -> 0.078057242
A21: =+'S&D'!A27 -> NISOURCE Inc. | C21: =+'S&D'!B27 -> NI | D21: ='S&D'!G27 -> 41.76 | E21: =+Earnings!E21 -> 2.05 | F21: =D21/E21 -> 20.370732 | G21: =1/F21 -> 0.049090038 | I21: DTE | J21: =+D21 -> 41.76 | K21: =+Earnings!G21 -> 2.2 | L21: =J21/K21 -> 18.981818 | M21: =1/L21 -> 0.052681992
A22: =+'S&D'!A28 -> Northwest Natural Holding Company | C22: =+'S&D'!B28 -> NWN | D22: ='S&D'!G28 -> 46.74 | E22: =+Earnings!E22 -> 3 | F22: =D22/E22 -> 15.58 | G22: =1/F22 -> 0.064184852 | I22: DUK | J22: =+D22 -> 46.74 | K22: =+Earnings!G22 -> 3.15 | L22: =J22/K22 -> 14.838095 | M22: =1/L22 -> 0.067394095
A23: =+'S&D'!A29 -> One Gas INC | C23: =+'S&D'!B29 -> OGS | D23: ='S&D'!G29 -> 77.25 | E23: =+Earnings!E23 -> 4.65 | F23: =D23/E23 -> 16.612903 | G23: =1/F23 -> 0.060194175 | I23: ETR | J23: =+D23 -> 77.25 | K23: =+Earnings!G23 -> 4.95 | L23: =J23/K23 -> 15.606061 | M23: =1/L23 -> 0.06407767
A24: =+'S&D'!A30 -> Southwest Gas Holdings, Inc | C24: =+'S&D'!B30 -> SWX | D24: ='S&D'!G30 -> 80.02 | E24: =+Earnings!E24 -> 4.1 | F24: =D24/E24 -> 19.517073 | G24: =1/F24 -> 0.051237191 | I24: =+C24 -> SWX | J24: =+D24 -> 80.02 | K24: =+Earnings!G24 -> 4.45 | L24: =J24/K24 -> 17.982022 | M24: =1/L24 -> 0.055611097
A25: =+'S&D'!A31 -> Spire Inc / Laclede Group Inc | C25: =+'S&D'!B31 -> SR | D25: ='S&D'!G31 -> 82.7 | E25: =+Earnings!E25 -> 5.35 | F25: =D25/E25 -> 15.457944 | G25: =1/F25 -> 0.064691657 | I25: FE | J25: =+D25 -> 82.7 | K25: =+Earnings!G25 -> 5.75 | L25: =J25/K25 -> 14.382609 | M25: =1/L25 -> 0.069528416
A26: =+'S&D'!A32 -> WEC Energy Group | C26: =+'S&D'!B32 -> WEC | D26: ='S&D'!G32 -> 105.46 | E26: =+Earnings!E26 -> 5.6 | F26: =D26/E26 -> 18.832143 | G26: =1/F26 -> 0.053100702 | I26: OGE | J26: =+D26 -> 105.46 | K26: =+Earnings!G26 -> 6 | L26: =J26/K26 -> 17.576667 | M26: =1/L26 -> 0.056893609
D28: High | E28: =MAX(E16:E26) -> 8.15 | F28: =MAX(F16:F26) -> 20.568098 | G28: =MAX(G16:G26) -> 0.073720729 | J28: High | K28: =MAX(K16:K26) -> 8.75 | L28: =MAX(L16:L26) -> 19.157714 | M28: =MAX(M16:M26) -> 0.078057242
D29: Low | E29: =MIN(E16:E26) -> 1.9 | F29: =MIN(F16:F26) -> 13.564706 | G29: =MIN(G16:G26) -> 0.048618982 | J29: Low | K29: =MIN(K16:K26) -> 2.1 | L29: =MIN(L16:L26) -> 12.811111 | M29: =MIN(M16:M26) -> 0.052198294
D30: Median | E30: =MEDIAN(E16:E26) -> 4.1 | F30: =MEDIAN(F16:F26) -> 18.402632 | G30: =MEDIAN(G16:G26) -> 0.054340054 | J30: Median | K30: =MEDIAN(K16:K26) -> 4.45 | L30: =MEDIAN(L16:L26) -> 17.056098 | M30: =MEDIAN(M16:M26) -> 0.058630059
D31: Mean | E31: =AVERAGE(E16:E26) -> 4.2090909 | F31: =AVERAGE(F16:F26) -> 17.748124 | G31: =AVERAGE(G16:G26) -> 0.057334253 | J31: Mean | K31: =AVERAGE(K16:K26) -> 4.5045455 | L31: =AVERAGE(L16:L26) -> 16.552364 | M31: =AVERAGE(M16:M26) -> 0.061333489
E33: Selected | F33: 17.75 | G33: 0.0573 | K33: Selected | L33: 16.55 | M33: 0.0613
G37: SELECTED AVERAGE > | I37: =(+F33+L33)/2 -> 17.15 | J37: =(+G33+M33)/2 -> 0.0593
E42: NOPAT CASH FLOW MULTIPLE & EQUITY RATE (LT 26-28 Yr Projected VL
E43: YEAR END 12/31/2025
C45: Ticker | D45: Share | E45: NOPAT Earnings | F45: NOPAT | G45: Computed
A46: Company | C46: Symbol | D46: Price | E46: Per Share | F46: Multiple | G46: Inverse
D47: Year End | E47: VL LT Projected NOI
A50: =+'S&D'!A22 -> Atmos Energy Corp | C50: =+'S&D'!B22 -> ATO | D50: ='S&D'!G22 -> 167.63 | E50: =+Earnings!I16 -> 10.7 | F50: =D50/E50 -> 15.666355 | G50: =1/F50 -> 0.063831056
A51: =+'S&D'!A23 -> Black Hills Corporation | C51: =+'S&D'!B23 -> BKH | D51: ='S&D'!G23 -> 69.42 | E51: =+Earnings!I17 -> 5 | F51: =D51/E51 -> 13.884 | G51: =1/F51 -> 0.072025353
A52: =+'S&D'!A24 -> CenterPoint Energy Inc. | C52: =+'S&D'!B24 -> CNP | D52: ='S&D'!G24 -> 38.34 | E52: =+Earnings!I18 -> 2.4 | F52: =D52/E52 -> 15.975 | G52: =1/F52 -> 0.062597809
A53: =+'S&D'!A25 -> CMS Energy Corporation | C53: =+'S&D'!B25 -> CMS | D53: ='S&D'!G25 -> 69.93 | E53: =+Earnings!I19 -> 5.15 | F53: =D53/E53 -> 13.578641 | G53: =1/F53 -> 0.073645074
A54: =+'S&D'!A26 -> New Jersey Resources Corp | C54: =+'S&D'!B26 -> NJR | D54: ='S&D'!G26 -> 46.12 | E54: =+Earnings!I20 -> 4 | F54: =D54/E54 -> 11.53 | G54: =1/F54 -> 0.086730269
A55: =+'S&D'!A27 -> NISOURCE Inc. | C55: =+'S&D'!B27 -> NI | D55: ='S&D'!G27 -> 41.76 | E55: =+Earnings!I21 -> 2.65 | F55: =D55/E55 -> 15.758491 | G55: =1/F55 -> 0.063457854
A56: =+'S&D'!A28 -> Northwest Natural Holding Company | C56: =+'S&D'!B28 -> NWN | D56: ='S&D'!G28 -> 46.74 | E56: =+Earnings!I22 -> 3.6 | F56: =D56/E56 -> 12.983333 | G56: =1/F56 -> 0.077021823
A57: =+'S&D'!A29 -> One Gas INC | C57: =+'S&D'!B29 -> OGS | D57: ='S&D'!G29 -> 77.25 | E57: =+Earnings!I23 -> 6 | F57: =D57/E57 -> 12.875 | G57: =1/F57 -> 0.077669903
A58: =+'S&D'!A30 -> Southwest Gas Holdings, Inc | C58: =+'S&D'!B30 -> SWX | D58: ='S&D'!G30 -> 80.02 | E58: =+Earnings!I24 -> 5.65 | F58: =D58/E58 -> 14.162832 | G58: =1/F58 -> 0.070607348
A59: =+'S&D'!A31 -> Spire Inc / Laclede Group Inc | C59: =+'S&D'!B31 -> SR | D59: ='S&D'!G31 -> 82.7 | E59: =+Earnings!I25 -> 6.75 | F59: =D59/E59 -> 12.251852 | G59: =1/F59 -> 0.081620314
A60: =+'S&D'!A32 -> WEC Energy Group | C60: =+'S&D'!B32 -> WEC | D60: ='S&D'!G32 -> 105.46 | E60: =+Earnings!I26 -> 7.25 | F60: =D60/E60 -> 14.546207 | G60: =1/F60 -> 0.068746444
D62: High | E62: =MAX(E50:E60) -> 10.7 | F62: =MAX(F50:F60) -> 15.975 | G62: =MAX(G50:G60) -> 0.086730269
D63: Low | E63: =MIN(E50:E60) -> 2.4 | F63: =MIN(F50:F60) -> 11.53 | G63: =MIN(G50:G60) -> 0.062597809
D64: Median | E64: =MEDIAN(E50:E60) -> 5.15 | F64: =MEDIAN(F50:F60) -> 13.884 | G64: =MEDIAN(G50:G60) -> 0.072025353
D65: Mean | E65: =AVERAGE(E50:E60) -> 5.3772727 | F65: =AVERAGE(F50:F60) -> 13.928337 | G65: =AVERAGE(G50:G60) -> 0.072541204
E67: Selected | F67: 13.93 | G67: 0.0725

Sheet CAPM
A1: KENTUCKY DEPARTMENT OF REVENUE
A2: DIVISION OF STATE VALUATION, PUBLIC SERVICE BRANCH
A3: 2026 Tax Year
A6: =+'S&D'!A12 -> Natural Gas Utility Distribution
E7: CAPITAL ASSET PRICING MODEL (CAPM)
E8: YEAR END 12/31/2025
A13: KE = Rf + (B X ERP)
A14: CAPM Models | B14: Equity Risk Premium (ERP) | C14: Industry Beta (B) | D14: Industry Risk Premium | E14: Risk Free Rate (Rf) | F14: Indicated Equity Rate
A16: Three Stage Ex Ante Version 1 (1) (2) | B16: 0.0294 | C16: =+'Beta for CAPM'!$H$34 -> 0.78 | D16: =+B16*C16 -> 0.022932 | E16: =+'Growth & Inflation Rates'!$G$24 -> 0.0481 | F16: =+D16+E16 -> 0.071032
A17: Three Stage Ex Ante Version 2 (1) (2) | B17: 0.0298 | C17: =+'Beta for CAPM'!$H$34 -> 0.78 | D17: =+B17*C17 -> 0.023244 | E17: =+'Growth & Inflation Rates'!$G$24 -> 0.0481 | F17: =+D17+E17 -> 0.071344
A19: Damodaran Implied ERP Ex Ante Trailing 12 mo Cash Yield (3) | B19: 0.0423 | C19: =+'Beta for CAPM'!$H$34 -> 0.78 | D19: =+B19*C19 -> 0.032994 | E19: =+'Growth & Inflation Rates'!$G$24 -> 0.0481 | F19: =+D19+E19 -> 0.081094
A20: Damodaran Implied ERP Ex Ante Avg CF Yield Last 10 Yrs (3) | B20: 0.0618 | C20: =+'Beta for CAPM'!$H$34 -> 0.78 | D20: =+B20*C20 -> 0.048204 | E20: =+'Growth & Inflation Rates'!$G$24 -> 0.0481 | F20: =+D20+E20 -> 0.096304
A21: Damodaran Implied ERP Ex Ante Net Cash Yield (3) | B21: 0.0396 | C21: =+'Beta for CAPM'!$H$34 -> 0.78 | D21: =+B21*C21 -> 0.030888 | E21: =+'Growth & Inflation Rates'!$G$24 -> 0.0481 | F21: =+D21+E21 -> 0.078988
A22: Damodaran Implied ERP Ex Ante Norm. Earnings & Payout (3) | B22: 0.0362 | C22: =+'Beta for CAPM'!$H$34 -> 0.78 | D22: =+B22*C22 -> 0.028236 | E22: =+'Growth & Inflation Rates'!$G$24 -> 0.0481 | F22: =+D22+E22 -> 0.076336
A24: The CFO Survey (4) | B24: 0.0561 | C24: =+'Beta for CAPM'!$H$34 -> 0.78 | D24: =+B24*C24 -> 0.043758 | E24: =+'Growth & Inflation Rates'!$G$24 -> 0.0481 | F24: =+D24+E24 -> 0.091858
A26: P. Fernandez, T. Garcia de Santos & J.F.Acin (5) | B26: 0.055 | C26: =+'Beta for CAPM'!$H$34 -> 0.78 | D26: =+B26*C26 -> 0.0429 | E26: =+'Growth & Inflation Rates'!$G$24 -> 0.0481 | F26: =+D26+E26 -> 0.091
A28: BVR - Historical, Arithmetic Mean (6) | B28: 0.0678 | C28: =+'Beta for CAPM'!$H$34 -> 0.78 | D28: =+B28*C28 -> 0.052884 | E28: =+'Growth & Inflation Rates'!$G$24 -> 0.0481 | F28: =+D28+E28 -> 0.100984
A29: BVR - Historical, Geometric Mean (7) | B29: 0.0554 | C29: =+'Beta for CAPM'!$H$34 -> 0.78 | D29: =+B29*C29 -> 0.043212 | E29: =+'Growth & Inflation Rates'!$G$24 -> 0.0481 | F29: =+D29+E29 -> 0.091312
A31: KROLL Ex Post - ERP Historical (8) | B31: 0.0737 | C31: =+'Beta for CAPM'!$H$34 -> 0.78 | D31: =+B31*C31 -> 0.057486 | E31: =+'Growth & Inflation Rates'!$G$24 -> 0.0481 | F31: =+D31+E31 -> 0.105586
A32: KROLL Ex Post - ERP Supply Side (8) | B32: 0.0631 | C32: =+'Beta for CAPM'!$H$34 -> 0.78 | D32: =+B32*C32 -> 0.049218 | E32: =+'Growth & Inflation Rates'!$G$24 -> 0.0481 | F32: =+D32+E32 -> 0.097318
A33: KROLL Ex Ante - ERP Conditional (8) | B33: 0.05 | C33: =+'Beta for CAPM'!$H$34 -> 0.78 | D33: =+B33*C33 -> 0.039 | E33: =+'Growth & Inflation Rates'!$G$24 -> 0.0481 | F33: =+D33+E33 -> 0.0871
A39: KE = Rf + (B X ERP X 75%) = (ERP X 25%)
A40: Empirical CAPM Models | B40: Equity Risk Premium (ERP) | C40: Industry Beta (B) | D40: Weighted Industry Risk Premium (75%) | E40: Weighted Equity Risk Premium (25%) | F40: Risk Free Rate (Rf) | G40: Indicated Equity Rate
A42: Three Stage Ex Ante Version 1 (1) (2) | B42: =+B16 -> 0.0294 | C42: =+'Beta for CAPM'!$H$34 -> 0.78 | D42: =+B42*C42*0.75 -> 0.017199 | E42: =+B42*0.25 -> 0.00735 | F42: =+E16 -> 0.0481 | G42: =+D42+E42+F42 -> 0.072649
A43: Three Stage Ex Ante Version 2 (1) (2) | B43: =+B17 -> 0.0298 | C43: =+'Beta for CAPM'!$H$34 -> 0.78 | D43: =+B43*C43*0.75 -> 0.017433 | E43: =+B43*0.25 -> 0.00745 | F43: =+E17 -> 0.0481 | G43: =+D43+E43+F43 -> 0.072983
A45: Damodaran Implied ERP Ex Ante Trailing 12 mo Cash Yield (3) | B45: =+B19 -> 0.0423 | C45: =+'Beta for CAPM'!$H$34 -> 0.78 | D45: =+B45*C45*0.75 -> 0.0247455 | E45: =+B45*0.25 -> 0.010575 | F45: =+E19 -> 0.0481 | G45: =+D45+E45+F45 -> 0.0834205
A46: =+A20 -> Damodaran Implied ERP Ex Ante Avg CF Yield Last 10 Yrs (3) | B46: =+B20 -> 0.0618 | C46: =+'Beta for CAPM'!$H$34 -> 0.78 | D46: =+B46*C46*0.75 -> 0.036153 | E46: =+B46*0.25 -> 0.01545 | F46: =+E20 -> 0.0481 | G46: =+D46+E46+F46 -> 0.099703
A47: Damodaran Implied ERP Ex Ante Net Cash Yield (3) | B47: =+B21 -> 0.0396 | C47: =+'Beta for CAPM'!$H$34 -> 0.78 | D47: =+B47*C47*0.75 -> 0.023166 | E47: =+B47*0.25 -> 0.0099 | F47: =+E21 -> 0.0481 | G47: =+D47+E47+F47 -> 0.081166
A48: Damodaran Implied ERP Ex Ante Norm. Earnings & Payout (3) | B48: =+B22 -> 0.0362 | C48: =+'Beta for CAPM'!$H$34 -> 0.78 | D48: =+B48*C48*0.75 -> 0.021177 | E48: =+B48*0.25 -> 0.00905 | F48: =+E22 -> 0.0481 | G48: =+D48+E48+F48 -> 0.078327
A50: The CFO Survey (4) | B50: =+B24 -> 0.0561 | C50: =+'Beta for CAPM'!$H$34 -> 0.78 | D50: =+B50*C50*0.75 -> 0.0328185 | E50: =+B50*0.25 -> 0.014025 | F50: =+E24 -> 0.0481 | G50: =+D50+E50+F50 -> 0.0949435
A52: P. Fernandez, T. Garcia de Santos & J.F.Acin (5) | B52: =+B26 -> 0.055 | C52: =+'Beta for CAPM'!$H$34 -> 0.78 | D52: =+B52*C52*0.75 -> 0.032175 | E52: =+B52*0.25 -> 0.01375 | F52: =+E26 -> 0.0481 | G52: =+D52+E52+F52 -> 0.094025
A54: BVR - Historical, Arithmetic Mean (6) | B54: =+B28 -> 0.0678 | C54: =+'Beta for CAPM'!$H$34 -> 0.78 | D54: =+B54*C54*0.75 -> 0.039663 | E54: =+B54*0.25 -> 0.01695 | F54: =+E28 -> 0.0481 | G54: =+D54+E54+F54 -> 0.104713
A55: BVR - Historical, Geometric Mean (7) | B55: =+B29 -> 0.0554 | C55: =+'Beta for CAPM'!$H$34 -> 0.78 | D55: =+B55*C55*0.75 -> 0.032409 | E55: =+B55*0.25 -> 0.01385 | F55: =+E29 -> 0.0481 | G55: =+D55+E55+F55 -> 0.094359
A57: KROLL Ex Post - ERP Historical (8) | B57: =+B31 -> 0.0737 | C57: =+'Beta for CAPM'!$H$34 -> 0.78 | D57: =+B57*C57*0.75 -> 0.0431145 | E57: =+B57*0.25 -> 0.018425 | F57: =+E31 -> 0.0481 | G57: =+D57+E57+F57 -> 0.1096395
A58: KROLL Ex Post - ERP Supply Side (8) | B58: =+B32 -> 0.0631 | C58: =+'Beta for CAPM'!$H$34 -> 0.78 | D58: =+B58*C58*0.75 -> 0.0369135 | E58: =+B58*0.25 -> 0.015775 | F58: =+E32 -> 0.0481 | G58: =+D58+E58+F58 -> 0.1007885
A59: KROLL Ex Ante - ERP Conditional (8) | B59: =+B33 -> 0.05 | C59: =+'Beta for CAPM'!$H$34 -> 0.78 | D59: =+B59*C59*0.75 -> 0.02925 | E59: =+B59*0.25 -> 0.0125 | F59: =+E33 -> 0.0481 | G59: =+D59+E59+F59 -> 0.08985
A64: Notes:
A66: (1) Three Stage Dividend Growth Model, S&P 500. The Three Stage Ex Ante calculations were performed by Montana. The Equity risk premiums are shown above.
A67: (2) Three Stage Dividend Growth Model, S&P 500. The Three Stage Ex Ante calculations were performed by Minnesota. The Equity risk premiums are shown above.
A69: (3) Implied Equity Risk Premium on January 2, 2026 as determined by Dr. Aswath Damodaran
A70: http://pages.stern.nyu.edu/~adamodar/New_Home_Page/datacurrent.html
A72: (4) The CFO Survey (2025). Data & Results December 17, 2025. Mean average annual S&P return over next ten years (9.9%) less annual yield on 10-year Treasury Bonds (4.29%).
A73: https://www.richmondfed.org/research/national_economy/cfo_survey
A75: (5) Fernandez, P., Garcia D., & Acin, J. F. (2025). Survey: Market Risk Premium and Risk-Free Rate used for 54 countries in 2025. SSRN Electronic Journal.
A76: (5) Fernandez, P., Garcia D., & Acin, J.
A78: (6) & (7) Business Valuation Resources, Cost of Capital Professional. (2026). Historical ERP 1928 to present, using arithmetic mean, geometric mean, and 20-Year Treasury Securities.
A79: https://www.bvresources.com/products/faqs/cost-of-capital-professional
A81: (8) KROLL, Cost of Capital Navigator. (2026). See Montana Cap Rate Study.

Sheet Growth & Inflation Rates
A1: KENTUCKY DEPARTMENT OF REVENUE
A2: DIVISION OF STATE VALUATION, PUBLIC SERVICE BRANCH
A3: 2026 Tax Year
A7: =+'S&D'!A12 -> Natural Gas Utility Distribution | E7: GROWTH & INFLATION RATES
E8: YEAR END 12/31/2025
A11: SHORT-TERM GROWTH RATES (5 years)
B13: Zacks Investment Research | C13: CFRA S&P Net Advantage | D13: Value Line Earnings | E13: Value Line Dividends | F13: KY DOR Dividends Growth Rate (Median / Average) | G13: KY DOR Earnings Growth Rate (Median / Average) | H13: Yahoo Finance
A15: =+A7 -> Natural Gas Utility Distribution | F15: =+'Dividends '!K30 -> 0.045515917 | G15: =+Earnings!K30 -> 0.063998619
F16: =+'Dividends '!K31 -> 0.040196734 | G16: =+Earnings!K31 -> 0.058538489
A18: RISK FREE RATE (Rf)
D19: RISK FREE RATE (Rf)
C20: Federal Reserve Statistical Release (January 2, 2026) Treasury Constant Maturities, Nominal (1) :
C21: 10-year U.S. Treasury coupon bonds | D21: 0.0419
C22: 20-year U.S. Treasury coupon bonds | D22: 0.0481
C23: 30-year U.S. Treasury coupon bonds | D23: 0.0486 | G23: KDOR Selected Risk Free Rate (Rf) >
C24: Value Line Investment Survey (January 10, 2026) Selected Yields on Taxable U.S. Treasury Securities : | G24: 0.0481
C25: 10-year U.S. Treasury coupon bonds | D25: 0.0455
C26: 20-year U.S. Treasury coupon bonds | D26: 0
C27: 30-year U.S. Treasury coupon bonds | D27: 0.0477
C28: Damodaran selected Risk-Free rate (January 1, 2026) (7) : | D28: 0.0458
C29: KROLL Cost of Capital Navigator Risk-Free rate Ex Post (January 1, 2026) : | D29: 0.0486
E31: Inflation and Gross Domestic Product (GDP) Data
E32: YEAR END 12/31/2025
A33: INFLATION (CPI) & GROSS DOMESTIC PRODUCT (GDP)
D35: Inflation | E35: Real LT Growth | F35: Nominal
A36: Source | D36: CPI | E36: GDP | F36: Growth
A38: Federal Reserve Statistical Release 10 Yr Inflation protected Treasury securities (1) | D38: 0.0225 | E38: na | F38: na
A39: Federal Reserve Statistical Release 20 Yr Inflation protected Treasury securities (1) | D39: 0.0242 | E39: na | F39: na
A40: Federal Reserve Statistical Release 30 Yr Inflation protected Treasury securities (1) | D40: 0.0223 | E40: na | F40: na
A41: Federal Reserve Bank of Philadelphia / Livingston Survey Mean (2) | D41: 0.0229 | E41: 0.0201 | F41: =+D41+E41 -> 0.043
A42: Federal Reserve Bank of Philadelphia / Livingston Survey Median (2a) | D42: 0.024 | E42: 0.02 | F42: =+D42+E42 -> 0.044
A43: Federal Reserve Bank of Philadelphia /Survey of Professional Forecasters Mean (2b) | D43: 0.0234 | E43: 0.021 | F43: =+D43+E43 -> 0.0444
A44: Congressional Budget Office Real Economic Projections (3) | D44: 0.023 | E44: 0.018 | F44: =+D44+E44 -> 0.041
A45: Congressional Budget Office Real Economic Projections (3a) | D45: 0.023 | E45: 0.021 | F45: =+D45+E45 -> 0.044
A46: Congressional Budget Office Real Economic Projections (3b) | D46: 0.023 | E46: 0.019 | F46: =+D46+E46 -> 0.042
A47: The Trading Economics (4) | D47: 0.023 | E47: 0.021 | F47: =+D47+E47 -> 0.044
A48: The World Bank (5) | D48: na | E48: 0.022 | F48: na
A49: Federal Reserve Bank "Long Term" Projection - Members & Presidents opinion (6) | D49: 0.02 | E49: 0.018 | F49: =+D49+E49 -> 0.038
C50: High | D50: =MAX(D38:D49) -> 0.0242 | E50: =MAX(E38:E49) -> 0.022 | F50: =MAX(F38:F49) -> 0.0444
C51: Low | D51: =MIN(D38:D49) -> 0.02 | E51: =MIN(E38:E49) -> 0.018 | F51: =MIN(F38:F49) -> 0.038
C52: Median | D52: =MEDIAN(D38:D49) -> 0.023 | E52: =MEDIAN(E38:E49) -> 0.0201 | F52: =+D52+E52 -> 0.0431
C53: Average | D53: =AVERAGE(D38:D49) -> 0.022845455 | E53: =AVERAGE(E38:E49) -> 0.020011111 | F53: =+D53+E53 -> 0.042856566
C56: SELECTED > | D56: 0.0228 | E56: 0.02 | F56: 0.0429
A59: The Federal Reserve Bank projects their "long-term" estimate of Change in US real GDP at 1.8%
A60: The Congressional Budget Office projects the U.S. Real GDP annual growth rate of 2.2% in 2026 and 1.8% in 2027 Core CPI = 2.30%
A61: The Congressional Budget Office projects the U.S. Inflation CPI 4th Qtr. To 4th Qtr. 2.7% in 2026 2.3% in 2027, 2.0% in 2028 and 2029 to 2030. 2.0% 2031 to 2036
A62: The Congressional Budget Office projects the U.S. Real GDP annual growth rates of 1.8% from 2029 to 2030 and 1.8% from 2031 to 2036
A63: The Congressional Budget Office projects the U.S. Real GDP average annual (Yr to Yr) growth rates of 2.21% from 2026 to 2030 and 1.80% from 2030 to 2035 and 1.90 GDP overall from 2026 to 2036
A65: “Since no firm can grow forever at a rate higher than the growth rate of the economy in which it operates, the constant growth rate cannot be greater
A66: than the overall growth rate of the economy.” Dr. Aswath Damodaran (n.d.) The Stable Growth Rate
A67: http://pages.stern.nyu.edu/~adamodar/New_Home_Page/valquestions/stablegrowthrate.htm
A69: SOURCES:
A71: (1) Federal Reserve Statistical Release
A72: January 2, 2026 Compare inflation indexed securities to non-inflation indexed securities. The difference is the inflation rate. See Minnesota study page 36pdf or Washington study page 6.
A73: http://www.federalreserve.gov/Releases/H15/Current/
... A108: (7) Aswath Damodaran

Sheet Indicated Yield Equity Rates
A1: KENTUCKY DEPARTMENT OF REVENUE
A2: DIVISION OF STATE VALUATION, PUBLIC SERVICE BRANCH
A3: 2026 Tax Year
A6: =+'S&D'!A12 -> Natural Gas Utility Distribution
C8: EQUITY RATES for YIELD APPROACH
C9: YEAR END 12/31/2025
D12: Kentucky
C13: MODEL | D13: YIELD EQUITY RATE
C14: CAPM - Ex Ante, Three Stage - V1 | D14: =+CAPM!F16 -> 0.071032
C15: CAPM - Ex Ante, Three Stage - V2 | D15: =+CAPM!F17 -> 0.071344
C16: CAPM - Ex Ante Damodaran 12 Mo Cash Yield | D16: =+CAPM!F19 -> 0.081094
C17: CAPM - Ex Ante Damodaran Avg CF Yield Last 10 Yrs | D17: =+CAPM!F20 -> 0.096304
C18: CAPM - Ex Ante Damodaran Net Cash Yield | D18: =+CAPM!F21 -> 0.078988
C19: CAPM - Ex Ante Damodaran NEP | D19: =+CAPM!F22 -> 0.076336
C20: CAPM - The CFO Survey | D20: =+CAPM!F24 -> 0.091858
C21: CAPM - Fernandez, Banuls, & Acin | D21: =+CAPM!F26 -> 0.091
C22: CAPM - Ex Post (BVR Historical, Arithmeic) | D22: =+CAPM!F28 -> 0.100984
C23: CAPM - Ex Post (BVR Historical, Geometric) | D23: =+CAPM!F29 -> 0.091312
C24: CAPM - Ex Post KROLL ERP Historical | D24: =+CAPM!F31 -> 0.105586
C25: CAPM - Ex Post KROLL ERP Supply Side | D25: =+CAPM!F32 -> 0.097318
C26: CAPM - Ex Ante KROLL ERP Conditional | D26: =+CAPM!F33 -> 0.0871
C27: Empirical CAPM - Ex Ante, Three Stage - V1 | D27: =+CAPM!G42 -> 0.072649
C28: Empirical CAPM - Ex Ante, Three Stage - V2 | D28: =+CAPM!G43 -> 0.072983
C29: Empirical CAPM - Ex Ante Damodaran 12 Mo Cash Yield | D29: =+CAPM!G45 -> 0.0834205
C30: Empirical CAPM - Ex Ante Damodaran Avg CF Yield Last 10 Yrs | D30: =+CAPM!G46 -> 0.099703
C31: Empirical CAPM - Ex Ante Damodaran Net Cash Yield | D31: =+CAPM!G47 -> 0.081166
C32: Empirical CAPM - Ex Ante Damodaran NEP | D32: =+CAPM!G48 -> 0.078327
C33: Empirical CAPM - The CFO Survey | D33: =+CAPM!G50 -> 0.0949435
C34: Empirical CAPM - Fernandez, Banuls, & Acin | D34: =+CAPM!G52 -> 0.094025
C35: Empirical CAPM - Ex Post (BVR Historical, Arithmeic) | D35: =+CAPM!G54 -> 0.104713
C36: Empirical CAPM - Ex Post (BVR Historical, Geometric) | D36: =+CAPM!G55 -> 0.094359
C37: Empirical CAPM - Ex Post KROLL ERP Historical | D37: =+CAPM!G57 -> 0.1096395
C38: Empirical CAPM - Ex Post KROLL ERP Supply Side | D38: =+CAPM!G58 -> 0.1007885
C39: Empirical CAPM - Ex Ante KROLL ERP Conditional | D39: =+CAPM!G59 -> 0.08985
C40: DGM - Single Stage - Dividend Growth | D40: =+'Single Stage Div Growth Model'!I34 -> 0.1302
C41: DGM - Single Stage - Earnings Growth | D41: =+'Single Stage Div Growth Model'!I36 -> 0.0939
C42: DGM - Two Stage - Dividend Growth | D42: =+'Two-Stage Dividend Growth Model'!H38 -> 0.0899
C43: P/E Ratio - Long Term Projection NOPAT | D43: =+'Direct NOPAT'!G67 -> 0.0725
C45: High | D45: =MAX(D14:D42) -> 0.1302
C46: Low | D46: =+MIN(D14:D42) -> 0.071032
C47: Median | D47: =MEDIAN(D14:D42) -> 0.091312
C48: Mean | D48: =AVERAGE(D14:D42) -> 0.090718034
D50: .
C51: Indicated Rate of Equity Selected > | D51: 0.0907
A56: NOTE:
A57: For rate based companies, the maximum allowed 'rate of return' established by state regulators is not comparable (a mismatch) to the 'cost of equity' calculated above.

Sheet Single Stage Div Growth Model
A1: KENTUCKY DEPARTMENT OF REVENUE
A2: DIVISION OF STATE VALUATION, PUBLIC SERVICE BRANCH
A3: 2026 Tax Year
A6: =+'S&D'!A12 -> Natural Gas Utility Distribution
F7: Yield Equity Rate - DGM (Dividend Growth) & DGM (Earnings Growth)
F8: YEAR END 12/31/2025
B10: Ticker | C10: Industry | D10: Stock | E10: Common Stock | F10: Dividend Yield | G10: Projected Short Term | H10: Projected Short Term | I10: Equity Rate | J10: Equity Rate
A11: Company | B11: Symbol | C11: Group | D11: Price (P0) | E11: FMV | F11: Projected 1 Yr | G11: Dividend Growth Rate | H11: Earnings Per Share Growth Rate | I11: Dividend | J11: Earnings
G12: Estimated 22-24 to 28-30 | H12: Estimated 22-24 to 28-30
B13: B | C13: C | D13: D | E13: E | F13: F | G13: G | H13: H | I13: (F+G) | J13: (F+H)
A14: VL | B14: VL | C14: VL | D14: Year End | F14: VL | G14: VL | H14: VL
A17: =+'S&D'!A22 -> Atmos Energy Corp | B17: =+'S&D'!B22 -> ATO | C17: =+'S&D'!C22 -> Gas Utility | D17: =+'S&D'!G22 -> 167.63 | E17: =+'S&D'!D42 -> 2.7083708e+10 | F17: =+'Dividends '!H16 -> 0.025293802 | G17: 0.08 | H17: 0.05 | I17: =+F17+G17 -> 0.1052938 | J17: =+F17+H17 -> 0.075293802
A18: =+'S&D'!A23 -> Black Hills Corporation | B18: =+'S&D'!B23 -> BKH | C18: =+'S&D'!C23 -> Electric Utility - West | D18: =+'S&D'!G23 -> 69.42 | E18: =+'S&D'!D43 -> 5.239618e+09 | F18: =+'Dividends '!H17 -> 0.041774705 | G18: 0.035 | H18: 0.035 | I18: =+F18+G18 -> 0.076774705 | J18: =+F18+H18 -> 0.076774705
A19: =+'S&D'!A24 -> CenterPoint Energy Inc. | B19: =+'S&D'!B24 -> CNP | C19: =+'S&D'!C24 -> Electric Utility - Central | D19: =+'S&D'!G24 -> 38.34 | E19: =+'S&D'!D44 -> 2.503102e+10 | F19: =+'Dividends '!H18 -> 0.029994784 | G19: 0.075 | H19: 0.08 | I19: =+F19+G19 -> 0.10499478 | J19: =+F19+H19 -> 0.10999478
A20: =+'S&D'!A25 -> CMS Energy Corporation | B20: =+'S&D'!B25 -> CMS | C20: =+'S&D'!C25 -> Electric Utility - Central | D20: =+'S&D'!G25 -> 69.93 | E20: =+'S&D'!D45 -> 2.1426552e+10 | F20: =+'Dividends '!H19 -> 0.035750036 | G20: 0.07 | H20: 0.08 | I20: =+F20+G20 -> 0.10575004 | J20: =+F20+H20 -> 0.11575004
A21: =+'S&D'!A26 -> New Jersey Resources Corp | B21: =+'S&D'!B26 -> NJR | C21: =+'S&D'!C26 -> Gas Utility | D21: =+'S&D'!G26 -> 46.12 | E21: =+'S&D'!D46 -> 4.6465951e+09 | F21: =+'Dividends '!H20 -> 0.045533391 | G21: 0.06 | H21: 0.05 | I21: =+F21+G21 -> 0.10553339 | J21: =+F21+H21 -> 0.095533391
A22: =+'S&D'!A27 -> NISOURCE Inc. | B22: =+'S&D'!B27 -> NI | C22: =+'S&D'!C27 -> Gas Utility | D22: =+'S&D'!G27 -> 41.76 | E22: =+'S&D'!D47 -> 1.9979323e+10 | F22: =+'Dividends '!H21 -> 0.030651341 | G22: 0.06 | H22: 0.075 | I22: =+F22+G22 -> 0.090651341 | J22: =+F22+H22 -> 0.10565134
A23: =+'S&D'!A28 -> Northwest Natural Holding Company | B23: =+'S&D'!B28 -> NWN | C23: =+'S&D'!C28 -> Gas Utility | D23: =+'S&D'!G28 -> 46.74 | E23: =+'S&D'!D48 -> 1.9426816e+09 | F23: =+'Dividends '!H22 -> 0.042148053 | G23: 0.5 | H23: 0.06 | I23: =+F23+G23 -> 0.54214805 | J23: =+F23+H23 -> 0.10214805
A24: =+'S&D'!A29 -> One Gas INC | B24: =+'S&D'!B29 -> OGS | C24: =+'S&D'!C29 -> Gas Utility | D24: =+'S&D'!G29 -> 77.25 | E24: =+'S&D'!D49 -> 4842987282 | F24: =+'Dividends '!H23 -> 0.035728155 | G24: 0.02 | H24: 0.06 | I24: =+F24+G24 -> 0.055728155 | J24: =+F24+H24 -> 0.095728155
A25: =+'S&D'!A30 -> Southwest Gas Holdings, Inc | B25: =+'S&D'!B30 -> SWX | C25: =+'S&D'!C30 -> Gas Utility | D25: =+'S&D'!G30 -> 80.02 | E25: =+'S&D'!D50 -> 5.7794119e+09 | F25: =+'Dividends '!H24 -> 0.030992252 | G25: 0.015 | H25: 0 | I25: =+F25+G25 -> 0.045992252 | J25: =+F25+H25 -> 0.030992252
A26: =+'S&D'!A31 -> Spire Inc / Laclede Group Inc | B26: =+'S&D'!B31 -> SR | C26: =+'S&D'!C31 -> Gas Utility | D26: =+'S&D'!G31 -> 82.7 | E26: =+'S&D'!D51 -> 4887570000 | F26: =+'Dividends '!H25 -> 0.041837969 | G26: 0.05 | H26: 0.085 | I26: =+F26+G26 -> 0.091837969 | J26: =+F26+H26 -> 0.12683797
A27: =+'S&D'!A32 -> WEC Energy Group | B27: =+'S&D'!B32 -> WEC | C27: =+'S&D'!C32 -> Electric Utility - Central | D27: =+'S&D'!G32 -> 105.46 | E27: =+'S&D'!D52 -> 3.4323172e+10 | F27: =+'Dividends '!H26 -> 0.037929073 | G27: 0.07 | H27: 0.06 | I27: =+F27+G27 -> 0.10792907 | J27: =+F27+H27 -> 0.097929073
E28: High | F28: =MAX(F17:F27) -> 0.045533391 | G28: =MAX(G17:G27) -> 0.5 | H28: =MAX(H17:H27) -> 0.085 | I28: =MAX(I17:I27) -> 0.54214805 | J28: =MAX(J17:J27) -> 0.12683797
E29: Low | F29: =MIN(F17:F27) -> 0.025293802 | G29: =MIN(G17:G27) -> 0.015 | H29: =MIN(H17:H27) -> 0 | I29: =MIN(I17:I27) -> 0.045992252 | J29: =MIN(J17:J27) -> 0.030992252
E30: Median | F30: =MEDIAN(F17:F27) -> 0.035750036 | G30: =MEDIAN(G17:G27) -> 0.06 | H30: =MEDIAN(H17:H27) -> 0.06 | I30: =MEDIAN(I17:I27) -> 0.10499478 | J30: =MEDIAN(J17:J27) -> 0.097929073
E31: Mean | F31: =AVERAGE(F17:F27) -> 0.036148505 | G31: =AVERAGE(G17:G27) -> 0.094090909 | H31: =AVERAGE(H17:H27) -> 0.057727273 | I31: =AVERAGE(I17:I27) -> 0.13023941 | J31: =AVERAGE(J17:J27) -> 0.093875778
G34: DGM - Dividend Growth Rate > | I34: 0.1302
G36: DGM - Earnings Growth Rate > | I36: 0.0939
A38: Dividend Growth = DY + DG | C38: Earnings Growth = DY + EG
A39: DY = Dividend Yield | C39: DY = Dividend Yield
A40: DG = Dividend Growth | C40: EG = Earnings Growth
A43: KE = (D1 / Po) + G | C43: KE = (D1 / Po) + G
A45: KE = Cost of Equity | C45: KE = Cost of Equity
A46: D1 = Expected Dividends | C46: D1 = Expected Dividends
A47: Po = Current Price | C47: Po = Current Price
A48: G = Projected Growth (Div. 5 Yr Growth Rate) | C48: G = Projected Growth (Earnings Per Share 5 Yr Growth Rate)

Sheet Two-Stage Dividend Growth Model
A1: KENTUCKY DEPARTMENT OF REVENUE
A2: DIVISION OF STATE VALUATION, PUBLIC SERVICE BRANCH
A3: 2026 Tax Year
A6: =+'S&D'!A12 -> Natural Gas Utility Distribution
E9: Yield Equity Rate - DGM (Two-Stage)
E10: YEAR END 12/31/2025
B14: Ticker | C14: Industry | D14: Dividend Yield | E14: Projected Short Term | F14: Stable | G14: Average | H14: Cost of
A15: Company | B15: Symbol | C15: Group | D15: Projected 1 Yr | E15: Earnings Per Share Growth Rate | F15: Growth | G15: Growth Rate | H15: Equity
E16: Estimated 20-22 to 26-28 | G16: (G1 + g)/2 | H16: KE = (DY X (1 + .5(G))) + .67 (G1) + .33(g)
D17: DY | E17: G1 | F17: g | G17: G
D18: VL | E18: VL
A21: =+'S&D'!A22 -> Atmos Energy Corp | B21: =+'S&D'!B22 -> ATO | C21: =+'S&D'!C22 -> Gas Utility | D21: =+'Single Stage Div Growth Model'!F17 -> 0.025293802 | E21: =+'Single Stage Div Growth Model'!H17 -> 0.05 | F21: =+'Growth & Inflation Rates'!F56 -> 0.0429 | G21: =(F21+E21)/2 -> 0.04645 | H21: =D21*(1+(0.5*G21))+(0.67*E21)+(0.33*F21) -> 0.07353825
A22: =+'S&D'!A23 -> Black Hills Corporation | B22: =+'S&D'!B23 -> BKH | C22: =+'S&D'!C23 -> Electric Utility - West | D22: =+'Single Stage Div Growth Model'!F18 -> 0.041774705 | E22: =+'Single Stage Div Growth Model'!H18 -> 0.035 | F22: =+F21 -> 0.0429 | G22: =(F22+E22)/2 -> 0.03895 | H22: =D22*(1+(0.5*G22))+(0.67*E22)+(0.33*F22) -> 0.080195267
A23: =+'S&D'!A24 -> CenterPoint Energy Inc. | B23: =+'S&D'!B24 -> CNP | C23: =+'S&D'!C24 -> Electric Utility - Central | D23: =+'Single Stage Div Growth Model'!F19 -> 0.029994784 | E23: =+'Single Stage Div Growth Model'!H19 -> 0.08 | F23: =+F21 -> 0.0429 | G23: =(F23+E23)/2 -> 0.06145 | H23: =D23*(1+(0.5*G23))+(0.67*E23)+(0.33*F23) -> 0.098673373
A24: =+'S&D'!A25 -> CMS Energy Corporation | B24: =+'S&D'!B25 -> CMS | C24: =+'S&D'!C25 -> Electric Utility - Central | D24: =+'Single Stage Div Growth Model'!F20 -> 0.035750036 | E24: =+'Single Stage Div Growth Model'!H20 -> 0.08 | F24: =+F21 -> 0.0429 | G24: =(F24+E24)/2 -> 0.06145 | H24: =D24*(1+(0.5*G24))+(0.67*E24)+(0.33*F24) -> 0.10460546
A25: =+'S&D'!A26 -> New Jersey Resources Corp | B25: =+'S&D'!B26 -> NJR | C25: =+'S&D'!C26 -> Gas Utility | D25: =+'Single Stage Div Growth Model'!F21 -> 0.045533391 | E25: =+'Single Stage Div Growth Model'!H21 -> 0.05 | F25: =+F21 -> 0.0429 | G25: =(F25+E25)/2 -> 0.04645 | H25: =D25*(1+(0.5*G25))+(0.67*E25)+(0.33*F25) -> 0.094247904
A26: =+'S&D'!A27 -> NISOURCE Inc. | B26: =+'S&D'!B27 -> NI | C26: =+'S&D'!C27 -> Gas Utility | D26: =+'Single Stage Div Growth Model'!F22 -> 0.030651341 | E26: =+'Single Stage Div Growth Model'!H22 -> 0.075 | F26: =+F21 -> 0.0429 | G26: =(F26+E26)/2 -> 0.05895 | H26: =D26*(1+(0.5*G26))+(0.67*E26)+(0.33*F26) -> 0.095961789
A27: =+'S&D'!A28 -> Northwest Natural Holding Company | B27: =+'S&D'!B28 -> NWN | C27: =+'S&D'!C28 -> Gas Utility | D27: =+'Single Stage Div Growth Model'!F23 -> 0.042148053 | E27: =+'Single Stage Div Growth Model'!H23 -> 0.06 | F27: =+F21 -> 0.0429 | G27: =(F27+E27)/2 -> 0.05145 | H27: =D27*(1+(0.5*G27))+(0.67*E27)+(0.33*F27) -> 0.097589312
A28: =+'S&D'!A29 -> One Gas INC | B28: =+'S&D'!B29 -> OGS | C28: =+'S&D'!C29 -> Gas Utility | D28: =+'Single Stage Div Growth Model'!F24 -> 0.035728155 | E28: =+'Single Stage Div Growth Model'!H24 -> 0.06 | F28: =+F21 -> 0.0429 | G28: =(F28+E28)/2 -> 0.05145 | H28: =D28*(1+(0.5*G28))+(0.67*E28)+(0.33*F28) -> 0.091004262
A29: =+'S&D'!A30 -> Southwest Gas Holdings, Inc | B29: =+'S&D'!B30 -> SWX | C29: =+'S&D'!C30 -> Gas Utility | D29: =+'Single Stage Div Growth Model'!F25 -> 0.030992252 | E29: =+'Single Stage Div Growth Model'!H25 -> 0 | F29: =+F21 -> 0.0429 | G29: =(F29+E29)/2 -> 0.02145 | H29: =D29*(1+(0.5*G29))+(0.67*E29)+(0.33*F29) -> 0.045481644
A30: =+'S&D'!A31 -> Spire Inc / Laclede Group Inc | B30: =+'S&D'!B31 -> SR | C30: =+'S&D'!C31 -> Gas Utility | D30: =+'Single Stage Div Growth Model'!F26 -> 0.041837969 | E30: =+'Single Stage Div Growth Model'!H26 -> 0.085 | F30: =+F21 -> 0.0429 | G30: =(F30+E30)/2 -> 0.06395 | H30: =D30*(1+(0.5*G30))+(0.67*E30)+(0.33*F30) -> 0.11428274
A31: =+'S&D'!A32 -> WEC Energy Group | B31: =+'S&D'!B32 -> WEC | C31: =+'S&D'!C32 -> Electric Utility - Central | D31: =+'Single Stage Div Growth Model'!F27 -> 0.037929073 | E31: =+'Single Stage Div Growth Model'!H27 -> 0.06 | F31: =+F21 -> 0.0429 | G31: =(F31+E31)/2 -> 0.05145 | H31: =D31*(1+(0.5*G31))+(0.67*E31)+(0.33*F31) -> 0.093261798
G32: High | H32: =MAX(H21:H31) -> 0.11428274
G33: Low | H33: =MIN(H21:H31) -> 0.045481644
G34: Median | H34: =MEDIAN(H21:H31) -> 0.094247904
G35: Mean | H35: =AVERAGE(H21:H31) -> 0.089894708
G38: Two-Stage DGM Rate > | H38: 0.0899
A40: KE = (DY X (1+ .5(G))) + .67(G1) + .33(g)
A42: KE = Cost of Equity
A43: DY = Dividend Yield See ValueLine
A44: G = Average growth rate
A45: G1 = Short term growth estimate
A46: g = Stable Growth - Nominal growth rate

Sheet Multiples
A1: KENTUCKY DEPARTMENT OF REVENUE
A2: DIVISION OF STATE VALUATION, PUBLIC SERVICE BRANCH
A3: 2025 Tax Year
A6: =+'S&D'!A12 -> Natural Gas Utility Distribution
E8: GROSS REVENUE & GROSS BOOK (EQUITY) MULTIPLES
E9: YEAR END 12/31/2025
C11: Ticker | E11: Gross Revenues | F11: Gross Revenue | G11: Gross Book Value Equity | H11: Gross Book Value Equity
B12: Company | C12: Symbol | D12: Price | E12: Per Share | F12: Multiple * | G12: Per Share ** | H12: Multiple
D13: Year End | E13: VL Historic | G13: VL Historic
B16: =+'S&D'!A22 -> Atmos Energy Corp | C16: =+'S&D'!B22 -> ATO | D16: =+'S&D'!G22 -> 167.63 | E16: 29.15 | F16: =D16/E16 -> 5.7506003 | G16: 87.7 | H16: =D16/G16 -> 1.9114025
B17: =+'S&D'!A23 -> Black Hills Corporation | C17: =+'S&D'!B23 -> BKH | D17: =+'S&D'!G23 -> 69.42 | E17: 33 | F17: =D17/E17 -> 2.1036364 | G17: 52 | H17: =D17/G17 -> 1.335
B18: =+'S&D'!A24 -> CenterPoint Energy Inc. | C18: =+'S&D'!B24 -> CNP | D18: =+'S&D'!G24 -> 38.34 | E18: 15 | F18: =D18/E18 -> 2.556 | G18: 18.65 | H18: =D18/G18 -> 2.0557641
B19: =+'S&D'!A25 -> CMS Energy Corporation | C19: =+'S&D'!B25 -> CMS | D19: =+'S&D'!G25 -> 69.93 | E19: 27.9 | F19: =D19/E19 -> 2.5064516 | G19: 30.65 | H19: =D19/G19 -> 2.2815661
B20: =+'S&D'!A26 -> New Jersey Resources Corp | C20: =+'S&D'!B26 -> NJR | D20: =+'S&D'!G26 -> 46.12 | E20: 21.55 | F20: =D20/E20 -> 2.1401392 | G20: 25.15 | H20: =D20/G20 -> 1.8337972
B21: =+'S&D'!A27 -> NISOURCE Inc. | C21: =+'S&D'!B27 -> NI | D21: =+'S&D'!G27 -> 41.76 | E21: 12.6 | F21: =D21/E21 -> 3.3142857 | G21: 25.75 | H21: =D21/G21 -> 1.6217476
B22: =+'S&D'!A28 -> Northwest Natural Holding Company | C22: =+'S&D'!B28 -> NWN | D22: =+'S&D'!G28 -> 46.74 | E22: 29 | F22: =D22/E22 -> 1.6117241 | G22: 36.25 | H22: =D22/G22 -> 1.2893793
B23: =+'S&D'!A29 -> One Gas INC | C23: =+'S&D'!B29 -> OGS | D23: =+'S&D'!G29 -> 77.25 | E23: 40.8 | F23: =D23/E23 -> 1.8933824 | G23: 54.55 | H23: =D23/G23 -> 1.416132
B24: =+'S&D'!A30 -> Southwest Gas Holdings, Inc | C24: =+'S&D'!B30 -> SWX | D24: =+'S&D'!G30 -> 80.02 | E24: 45.15 | F24: =D24/E24 -> 1.7723145 | G24: 55.55 | H24: =D24/G24 -> 1.4405041
B25: =+'S&D'!A31 -> Spire Inc / Laclede Group Inc | C25: =+'S&D'!B31 -> SR | D25: =+'S&D'!G31 -> 82.7 | E25: 43 | F25: =D25/E25 -> 1.9232558 | G25: 53 | H25: =D25/G25 -> 1.5603774
B26: =+'S&D'!A32 -> WEC Energy Group | C26: =+'S&D'!B32 -> WEC | D26: =+'S&D'!G32 -> 105.46 | E26: 32.1 | F26: =D26/E26 -> 3.2853583 | G26: 42.5 | H26: =D26/G26 -> 2.4814118
D28: High | E28: =MAX(E16:E26) -> 45.15 | F28: =MAX(F16:F26) -> 5.7506003 | G28: =MAX(G16:G26) -> 87.7 | H28: =MAX(H16:H26) -> 2.4814118
D29: Low | E29: =MIN(E16:E26) -> 12.6 | F29: =MIN(F16:F26) -> 1.6117241 | G29: =MIN(G16:G26) -> 18.65 | H29: =MIN(H16:H26) -> 1.2893793
D30: Median | F30: =MEDIAN(F16:F26) -> 2.1401392 | H30: =MEDIAN(H16:H26) -> 1.6217476
D31: Mean | F31: =AVERAGE(F16:F26) -> 2.6233771 | H31: =AVERAGE(H16:H26) -> 1.7479165
D33: SELECTED AVERAGE > | F33: 0.0262 | H33: 0.0175
A36: * This multiple is applicable to service type companies, or those with few assets. These companies sell at prices related to their revenues.
A37: The higher the return on revenue the higher the price to revenue will be.
A39: ** The book value, or common equity, per share is total owners' equity minus preferred stock divided by the number of common shares outstanding.
A40: The purpose of this ratio is to test whether the market price is worth more (or less) than the cost of the assets.
A41: If the result is greater than one(1), it indicates the market value exceeds book value and can often be used as a sign of competent management.

Sheet Info
